Workbook
Name \0: #REF!
Name \00: #REF!
Name \a: #REF!
Name \AA: [1]LIQUIDACION!#REF!
Name \b: [2]STRSUMM0!#REF!
Name \bb: [2]STRSUMM0!#REF!
Name \E: #REF!
Name \EE: #REF!
Name \G: #REF!
Name \k: '[3]7422CW00'!#REF!
Name \l: [4]STRSUMM0!#REF!
Name \M: #REF!
Name \ñ: '[5]7422CW00'!#REF!
Name \P: #REF!
Name \R: #REF!
Name \s: #REF!
Name \V: #REF!
Name \X: 'PRESUPUESTO OFICIAL (Entidad)'!ERR
Name \X: [0]!ERR
Name \Z: 'PRESUPUESTO OFICIAL (Entidad)'!ERR
Name \Z: [0]!ERR
Name _________AFC1: [6]INV!$A$25:$D$28
Name _________AFC3: [6]INV!$F$25:$I$28
Name _________AFC5: [6]INV!$K$25:$N$28
Name _________BGC1: [6]INV!$A$5:$D$8
Name _________BGC3: [6]INV!$F$5:$I$8
Name _________BGC5: [6]INV!$K$5:$N$8
Name _________CAC1: [6]INV!$A$19:$D$22
Name _________CAC3: [6]INV!$F$19:$I$22
Name _________CAC5: [6]INV!$K$19:$N$22
Name _________PJ50: #REF!
Name _________SBC1: [6]INV!$A$12:$D$15
Name _________SBC3: [6]INV!$F$12:$I$15
Name _________SBC5: [6]INV!$K$12:$N$15
Name ________AFC1: [6]INV!$A$25:$D$28
Name ________AFC3: [6]INV!$F$25:$I$28
Name ________AFC5: [6]INV!$K$25:$N$28
Name ________BGC1: [6]INV!$A$5:$D$8
Name ________BGC3: [6]INV!$F$5:$I$8
Name ________BGC5: [6]INV!$K$5:$N$8
Name ________CAC1: [6]INV!$A$19:$D$22
Name ________CAC3: [6]INV!$F$19:$I$22
Name ________CAC5: [6]INV!$K$19:$N$22
Name ________MA2: #REF!
Name ________PJ50: #REF!
Name ________SBC1: [6]INV!$A$12:$D$15
Name ________SBC3: [6]INV!$F$12:$I$15
Name ________SBC5: [6]INV!$K$12:$N$15
Name _______AFC1: [6]INV!$A$25:$D$28
Name _______AFC3: [6]INV!$F$25:$I$28
Name _______AFC5: [6]INV!$K$25:$N$28
Name _______BGC1: [6]INV!$A$5:$D$8
Name _______BGC3: [6]INV!$F$5:$I$8
Name _______BGC5: [6]INV!$K$5:$N$8
Name _______CAC1: [6]INV!$A$19:$D$22
Name _______CAC3: [6]INV!$F$19:$I$22
Name _______CAC5: [6]INV!$K$19:$N$22
Name _______MA2: #REF!
Name _______PJ50: #REF!
Name _______SBC1: [6]INV!$A$12:$D$15

Sheet PRESUPUESTO OFICIAL (Entidad)
C3: Formulario 1 - Propuesta económica - Licitación de obra pública de infraestructura social
C4: Código | D4: CCE-EICP-FM-116 | E4: Versión
C5: FLDRUU-LP-XXX-2025
C6: ANEXO No. 1 - PRESUPUESTO OFICIAL
N8: SALARIO 2023 | O8: 1160000
C9: Adicionalmente, cuando el Proceso de Contratación es estructurado por Precios Unitarios, la Entidad debe aplicar las notas 1, 2 y 3 del presente Formulario y las casillas de "Descripción", "Porcentaje" de la Administración, Imprevisto, Utilidad y total A.I.U. resaltadas en color amarillo. Tratándose de otras modalidades de precio, la Entidad puede o no configurar los mismos aspectos. | N9: SALARIO 2024 | O9: 1300000 | P9: 0.12
N10: SALARIO 2025 | O10: 1423500 | P10: 0.0953
C11: Nº | D11: ÍTEM DE PAGO | E11: CODIGO IDRD | F11: DESCRIPCIÓN | G11: UND. | H11: CANTIDAD | I11: VALOR UNITARIO | J11: VALOR TOTAL
C12: 1. PRELIMINARES
C13: 1 | D13: 1.03 | E13: 11646 | F13: Cerramiento lona h=2.20 mts(Exc) ** | G13: ML | H13: 25 | I13: 33456 | J13: =ROUND(I13*H13,0) -> 836400
C14: 2. DEMOLICIONES | N14: IPC 2024 | O14: 0.0928
C15: 2 | D15: 2.01 | E15: 10149 | F15: Demolicion anden concr e=0.10 incl. cargue y ret * | G15: M2 | H15: 23 | I15: 37707 | J15: =ROUND(I15*H15,0) -> 867261 | N15: IPC 2025 a mayo | O15: 0.0505
C16: 3 | D16: 2.02 | E16: 12087 | F16: Demolición cerramiento contra impacto h=5.0m | G16: ML | H16: 34 | I16: 247628 | J16: =ROUND(I16*H16,0) -> 8419352
C17: 4 | D17: 2.03 | E17: 10208 | F17: Demol pav asfaltico e=0.10m (corte disco+cargue+retiro) | G17: M2 | H17: 45 | I17: 46161 | J17: =ROUND(I17*H17,0) -> 2077245
C18: 5 | D18: 2.04 | E18: 10209 | F18: Demolicion sendero en adoquin incluye cargue+retiro | G18: M2 | H18: 67 | I18: 15635 | J18: =ROUND(I18*H18,0) -> 1047545
C19: 6 | D19: 2.05 | E19: 10760 | F19: Demolición carcamo equipo inclu. cargue y retiro | G19: ML | H19: 80 | I19: 23196 | J19: =ROUND(I19*H19,0) -> 1855680
C20: 7 | D20: 2.06 | E20: 15122 | F20: Demolición placa de contrapiso H=0.10M+Trasi+Retir | G20: M2 | H20: 23 | I20: 28925 | J20: =ROUND(I20*H20,0) -> 665275
C21: 8 | D21: 2.07 | E21: 12802 | F21: Demolición Manual de Bordillo incly cargue y reti | G21: ML | H21: 200 | I21: 15253 | J21: =ROUND(I21*H21,0) -> 3050600
C22: 9 | D22: 2.08 | E22: 11373 | F22: Descapote Manual y Retiro (e=10-15Cm). | G22: M2 | H22: 56 | I22: 18482 | J22: =ROUND(I22*H22,0) -> 1034992
C23: 3. DESMONTES Y RETIROS
C24: 10 | D24: 3.01 | E24: 10240 | F24: Desmonte y retiro juegos infantiles(Máx.10eventos) | G24: JGO | H24: 12 | I24: 98107 | J24: =ROUND(I24*H24,0) -> 1177284
C25: 11 | D25: 3.02 | E25: 10016 | F25: Desmonte y retiro malla existente h=2.0 m | G25: ML | H25: 34 | I25: 14422 | J25: =ROUND(I25*H25,0) -> 490348
C26: 12 | D26: 3.03 | E26: 10860 | F26: Desmonte y retiro canecas | G26: UND | H26: 25 | I26: 51694 | J26: =ROUND(I26*H26,0) -> 1292350
C27: 13 | D27: 3.04 | E27: 16617 | F27: Desmonte + Retir juego Infantil Metalico(rod o pasa) | G27: UND | H27: 18 | I27: 141009 | J27: =ROUND(I27*H27,0) -> 2538162
C28: 14 | D28: 3.05 | E28: 10882 | F28: Desmonte Banca Exist.(demol. de bases y retiro)** | G28: UNI | H28: 12 | I28: 136132 | J28: =ROUND(I28*H28,0) -> 1633584
C29: 15 | D29: 3.06 | E29: 14439 | F29: DESMONTE PISO DE CAUCHO(Trasiego+Retiro) | G29: M2 | H29: 57 | I29: 10614 | J29: =ROUND(I29*H29,0) -> 604998
C30: 16 | D30: 3.07 | E30: 12837 | F30: Desmonte Señal (IDG-S) | G30: UN | H30: 20 | I30: 52490 | J30: =ROUND(I30*H30,0) -> 1049800
C31: 17 | D31: 3.08 | E31: 12911 | F31: Desmonte de Balancin Madera-STPM | G31: UND | H31: 21 | I31: 179041 | J31: =ROUND(I31*H31,0) -> 3759861
C32: 18 | D32: 3.09 | E32: 10439 | F32: Desmonte estruc. de cancha multiple + retiro | G32: JGO | H32: 12 | I32: 415592 | J32: =ROUND(I32*H32,0) -> 4987104
C33: 19 | D33: 3.1 | E33: 12405 | F33: Desmonte juegos tipo M-5 o 5A-STPM | G33: UN | H33: 32 | I33: 316927 | J33: =ROUND(I33*H33,0) -> 10141664
C34: 20 | D34: 3.11 | E34: 16635 | F34: Desmonte,corte,reinstalac adoquin pegado sin Sumin | G34: M2 | H34: 67 | I34: 48754 | J34: =ROUND(I34*H34,0) -> 3266518
C35: 21 | D35: 3.12 | E35: 12408 | F35: Desmonte juego tipo M-3-STPM | G35: UND | H35: 23 | I35: 609120 | J35: =ROUND(I35*H35,0) -> 14009760
C36: 4. EXCAVAVION NIVELACION Y RELLENO
C37: 22 | D37: 4.01 | E37: 18675 | F37: Excavac Mecanic+retiro(250m3/dia)V-15m3-BlandoCDRC | G37: M3 | H37: 22 | I37: 51994 | J37: =ROUND(I37*H37,0) -> 1143868
C38: 23 | D38: 4.02 | E38: 12175 | F38: Excavacion manual con retiro en recebo | G38: M3 | H38: 22 | I38: 99261 | J38: =ROUND(I38*H38,0) -> 2183742
C39: 24 | D39: 4.03 | E39: 13195 | F39: Excavacion manual con retiro suelo blando | G39: M3 | H39: 22 | I39: 89763 | J39: =ROUND(I39*H39,0) -> 1974786
C40: 25 | D40: 4.04 | E40: 10724 | F40: Relleno compactado Base granular tipo IDRD ** | G40: M3 | H40: 22 | I40: 192099 | J40: =ROUND(I40*H40,0) -> 4226178
C41: 26 | D41: 4.05 | E41: 12501 | F41: Relleno compactado Subbase granular tipo IDRD | G41: M3 | H41: 22 | I41: 147553 | J41: =ROUND(I41*H41,0) -> 3246166
C42: 27 | D42: 4.06 | E42: 10909 | F42: Relleno rajon (mecanico) ** | G42: M3 | H42: 22 | I42: 242365 | J42: =ROUND(I42*H42,0) -> 5332030
C43: 28 | D43: 4.07 | E43: 19249 | F43: Relleno en Subbase Granular Reciclada Tipo A | G43: M3 | H43: 22 | I43: 200390 | J43: =ROUND(I43*H43,0) -> 4408580
C44: 5. ESTRUCTURA
D45: COLUMNAS, VIGAS, PLACAS Y SUPER-ESTRUCTURA
C46: 29 | D46: 5.01 | E46: 10685 | F46: Placa contrapiso 0.10 m 2500 psi reforzado | G46: M2 | H46: 34 | I46: 107414 | J46: =ROUND(I46*H46,0) -> 3652076
C47: 30 | D47: 5.02 | E47: 11147 | F47: Placa contrapiso 0.05 m 3000 psi reforzado | G47: M2 | H47: 56 | I47: 58552 | J47: =ROUND(I47*H47,0) -> 3278912
C48: 6. ESTRUCTURAS METÁLICAS
C49: 31 | D49: 6.01 | E49: 14492 | F49: Malla electrosoldada d=6 mm@0.15 (area 6x2.35) | G49: kg | H49: 64 | I49: 7918 | J49: =ROUND(I49*H49,0) -> 506752
C50: 32 | D50: 6.02 | E50: 13557 | F50: Malla eslabonada cal10+ang+platin+pint (Sum+Inst) | G50: M2 | H50: 45 | I50: 135894 | J50: =ROUND(I50*H50,0) -> 6115230
C51: 7. PISO EMPRADIZACION Y PINTURA
C52: 33 | D52: 7.01 | E52: 16677 | F52: Piso Caucho recicl 5cm (EPDM 1cm+SBR 4cm sum+inst) | G52: M2 | H52: 12 | I52: 885879 | J52: =ROUND(I52*H52,0) -> 10630548
C53: 34 | D53: 7.02 | E53: 17345 | F53: Adoquin arcilla e= 6 cm sobre arena CDRC | G53: M2 | H53: 12 | I53: 95150 | J53: =ROUND(I53*H53,0) -> 1141800
C54: 35 | D54: 7.03 | E54: 16668 | F54: Piso Caucho recicl 7cm (EPDM 1cm+SBR 6cm sum+inst) | G54: M2 | H54: 12 | I54: 928562 | J54: =ROUND(I54*H54,0) -> 11142744
C55: 36 | D55: 7.04 | E55: 10021 | F55: Pintura cerramiento malla eslabonada | G55: M2 | H55: 12 | I55: 24020 | J55: =ROUND(I55*H55,0) -> 288240
C56: 37 | D56: 7.05 | E56: 13985 | F56: Pintura Baranda Pasaman2"+ 2 Trav.11/2"+ paral2" | G56: ML | H56: 12 | I56: 45142 | J56: =ROUND(I56*H56,0) -> 541704
C57: 38 | D57: 7.06 | E57: 10256 | F57: Demarcacion pintura trafico multiple a=0.10m | G57: M2 | H57: 14 | I57: 12313 | J57: =ROUND(I57*H57,0) -> 172382
C58: 39 | D58: 7.07 | E58: 14528 | F58: LIJADO, LIMP Y PINTURA (ESTACION RUTA DE LA VIDA) | G58: UND | H58: 3 | I58: 4399834 | J58: =ROUND(I58*H58,0) -> 13199502
C59: 40 | D59: 7.08 | E59: 15788 | F59: Pintura Modulo- M-3(retir.pint+anticorrosivo+pint) | G59: UND | H59: 12 | I59: 1300720 | J59: =ROUND(I59*H59,0) -> 15608640
C60: 41 | D60: 7.09 | E60: 10851 | F60: Pintura estructura baloncesto | G60: JGO | H60: 12 | I60: 800327 | J60: =ROUND(I60*H60,0) -> 9603924
C61: 42 | D61: 7.1 | E61: 12198 | F61: Pintura Baranda M-80 (2 MANOS) | G61: ML | H61: 15 | I61: 30317 | J61: =ROUND(I61*H61,0) -> 454755
C62: 43 | D62: 7.11 | E62: 13030 | F62: Pintura estructura microfutbol (con Compresor) | G62: JGO | H62: 12 | I62: 271748 | J62: =ROUND(I62*H62,0) -> 3260976
C63: 44 | D63: 7.12 | E63: 13923 | F63: PINTURA MODULO M-3A | G63: UN | H63: 5 | I63: 774429 | J63: =ROUND(I63*H63,0) -> 3872145
... C66: 47 | D66: 7.15 | E66: 11151 | F66: EmpradizacionCanchas y zonasEspeciales | G66: M2 | H66: 50 | I66: 44487 | J66: =ROUND(I66*H66,0) -> 2224350
C67: 8. MOBILIARIO URBANO
C68: 48 | D68: 8.01 | E68: 14651 | F68: CANECAS ACERO INOXIDABLE (SUM + INST) | G68: UN | H68: 3 | I68: 772365 | J68: =ROUND(I68*H68,0) -> 2317095
C69: 49 | D69: 8.02 | E69: 16067 | F69: Modulo Remo Gimnasio al aire libre(Sumi+Instal) | G69: UN | H69: 1 | I69: 7370464 | J69: =ROUND(I69*H69,0) -> 7370464
C70: 50 | D70: 8.03 | E70: 16069 | F70: Modulo Sky - Gimnasio Aire libre(Sumin+Inst) | G70: UN | H70: 2 | I70: 7287242 | J70: =ROUND(I70*H70,0) -> 14574484
C71: 51 | D71: 8.04 | E71: 16071 | F71: Modulo Escalador Gimn. al aire libre(Sum+Inst) | G71: UN | H71: 2 | I71: 8932179 | J71: =ROUND(I71*H71,0) -> 17864358
C72: 52 | D72: 8.05 | E72: 14617 | F72: Asiento fibra lona colump (sum + inst) | G72: UN | H72: 2 | I72: 145397 | J72: =ROUND(I72*H72,0) -> 290794
C73: 53 | D73: 8.06 | E73: 14785 | F73: Asiento fibra lona columpio(desm+sum+inst) | G73: UN | H73: 3 | I73: 161562 | J73: =ROUND(I73*H73,0) -> 484686
C74: 54 | D74: 8.07 | E74: 14697 | F74: Balancín tubo galvanizado 2" x 2.00 (sum + inst) | G74: UN | H74: 2 | I74: 1470990 | J74: =ROUND(I74*H74,0) -> 2941980
C75: 55 | D75: 8.08 | E75: 14771 | F75: MODULO BALANCÍN CINTURA (PENDULO) SUM+INST | G75: UN | H75: 2 | I75: 2570519 | J75: =ROUND(I75*H75,0) -> 5141038
C76: 56 | D76: 8.09 | E76: 16070 | F76: Modulo Multifuncional A-4 Gim aire libre(Sum+Inst) | G76: UN | H76: 2 | I76: 22556962 | J76: =ROUND(I76*H76,0) -> 45113924
C77: 57 | D77: 8.1 | E77: 14624 | F77: Barras de giro travezaño (sum + inst) | G77: UN | H77: 3 | I77: 266171 | J77: =ROUND(I77*H77,0) -> 798513
C78: 58 | D78: 8.11 | E78: 14619 | F78: Modulo m - 5 columpio (sum + inst) | G78: UND | H78: 2 | I78: 3173988 | J78: =ROUND(I78*H78,0) -> 6347976
C79: 59 | D79: 8.12 | E79: 13959 | F79: Baranda juegos infant M-80 sin viga+Anclaj(Sum+Ins | G79: ML | H79: 1 | I79: 378925 | J79: =ROUND(I79*H79,0) -> 378925
... C99: 79 | D99: 8.32 | E99: 16648 | F99: Señal Para Biosaludable (0.80x1.20m) dos caras | G99: UND | H99: 3 | I99: 364063 | J99: =ROUND(I99*H99,0) -> 1092189
F101: COSTO DIRECTO DE OBRAS INICIALES (A): | J101: =ROUND(SUM(J13:J99),0) -> 417455645
F102: A.I.U (B) | J102: =ROUND(J101*J112,0) -> 118682640
F103: VALOR COMPONENTE AMBIENTAL Y SST ( C ) | I103: 0.038357237 | J103: =+PRESUPUESTO!G21 -> 16012445
F104: VALOR COMPONENTE SOCIAL ( D ) | I104: 0.053452328 | J104: =+PRESUPUESTO!G22 -> 22313976
F105: Valor presupuesto oficial obras ( A + B + C+D ) = | J105: =ROUND(SUM(J101:J104),0) -> 574464706
C107: NOTAS
C108: NOTA 1: Se debe tener en cuenta que los valores unitarios, para este formulario de presupuesto oficial, no incluye el valor de A.I.U., pero para dar cumplimiento a la Circular 24 de 2024 emanada por la Secretaría de Gobierno de Bogotá, en el Formulario 1 - Propuesta Económica se debe incluir en cada precio unitario el valor del A.I.U. en la columna indicada para estos valores. | G108: DESCRIPCION | J108: PORCENTAJE
C109: NOTA 2: Para las operaciones aritméticas, cuando la fracción decimal del peso es igual o superior a 5 se aproximó por exceso al número entero siguiente del peso y cuando la fracción decimal del peso sea inferior a 5 se aproximó por defecto al número entero del peso. | G109: ADMINISTRACIÓN | I109: A= | J109: =+'AIU '!K69 -> 0.2343
C110: NOTA 3: El A.I.U y cada uno de sus componentes están en porcentaje (%) con dos decimales porcentuales cada componente. | G110: IMPREVISTO | I110: I= | J110: =+'AIU '!K70 -> 0.01
C111: Los valores anteriormente relacionados se tomaron de la base IDRD de precios unitarios del 30-11-2023 mas el porcentaje de incremento del salario minimo del año 2024 12% y año 2025 9,53% | G111: UTILIDAD | I111: U= | J111: =+'AIU '!K71 -> 0.04
G112: TOTAL A.I.U | I112: A.I.U.= | J112: =SUM(J109:J111) -> 0.2843

Sheet PRESUPUESTO
B2: FORMATO | D2: VIGENCIA | E2: PROCESO
D3: 2025 | E3: Proyectos
B4: FONDO DE DESARROLLO LOCAL DE RAFAEL URIBE URIBE
B7: PRESUPUESTO OFICIAL
B9: OBJETO: | D9: EJECUTAR A MONTO AGOTABLE Y A PRECIOS UNITARIOS FIJOS, EL DIAGNOSTICO Y LAS OBRAS NECESARIAS PARA LA ADECUACIÓN, DOTACION, MANTENIMIENTO Y/O MEJORAMIENTO DE LOS PARQUES CATALOGADOS DE PROXIMIDAD EN LA LOCALIDAD DE RAFAEL URIBE URIBE EN BOGOTÁ D.C”.
B15: SUBTOTAL COSTOS DIRECTOS OBRA | G15: =+'PRESUPUESTO OFICIAL (Entidad)'!J101 -> 417455645
B17: AIU | F17: =+'AIU '!K73 -> 0.2843 | G17: =F17*G15 -> 1.1868264e+08
B19: COSTOS OBRA INCLUIDO AIU | G19: =G15+G17 -> 5.3613828e+08
B21: COMPONENTE AMBIENTAL Y SST | F21: 0.038357237 | G21: =+'SST - AMBIENTAL'!M85 -> 16012445 | H21: =+G21*100/G15 -> 3.8357237
B22: COMPONENTE SOCIAL | F22: 0.053452328 | G22: =+'SOCIAL '!M52 -> 22313976 | H22: =+G22*100/G15 -> 5.3452328
B25: TOTAL COSTOS PROCESO LP | G25: =G19+G21+G22 -> 5.7446471e+08

Sheet AIU 
B2: ANALISIS DEL VALOR DEL AIU FONDO DE DESARROLLO LOCAL DE RAFAEL URIBE URIBE
B5: OBJETO | E5: EJECUTAR A MONTO AGOTABLE Y A PRECIOS UNITARIOS FIJOS, EL DIAGNOSTICO Y LAS OBRAS NECESARIAS PARA LA ADECUACIÓN, DOTACION, MANTENIMIENTO Y/O MEJORAMIENTO DE LOS PARQUES CATALOGADOS DE PROXIMIDAD EN LA LOCALIDAD DE RAFAEL URIBE URIBE EN BOGOTÁ D.C”.
C9: COSTO DIRECTO ESTIMADO DE OBRA (CD) | H9: =+PRESUPUESTO!G15 -> 417455645
C10: AIU | H10: =K73 -> 0.2843 | N10: 2486058318
H11: =ROUND(H9*H10,0) -> 118682640 | N11: =+N10*0.05 -> 1.2430292e+08
C12: TERMINO ESTIMADO DE EJECUCIÓN DE OBRA | H12: 4
C14: COSTO ACTIVIDADES AMBIENTALES y SST | H14: =+'SST - AMBIENTAL'!M85 -> 16012445
C15: COSTO GESTION SOCIAL | H15: =+'SOCIAL '!M52 -> 22313976
C17: COSTO TOTAL PRESUPUESTO MONTO AGOTABLE | H17: =+H9+H11+H14+H15 -> 574464706
B21: ITEM | C21: A. ADMINISTRACIÓN
C22: 1. COSTOS MENSUALES DE PERSONAL
C23: CARGO | D23: CODIGO IDU | E23: CANTIDAD | F23: CATEGORÍA | G23: Dedicación /Mes | H23: TOPE SALARIO MES | I23: FACTOR PRESTACIONAL | J23: No. MESES | K23: SALARIO + PRESTACIONES
E24: A | G24: B | H24: C | I24: D | J24: E | K24: F=A*B*C*D*E
B25: 1 | C25: PERSONAL PROFESIONAL (Ingenieros y otros)
B26: 1.101 | C26: DIRECTOR DE OBRA | D26: 9113 | E26: 1 | F26: 7 | G26: 0.4 | H26: 5510000 | I26: =+FC!E29 -> 1.58 | J26: 4 | K26: =+((((H26*I26)/100)+H26)*G26)*J26 -> 8955292.8
B27: 1.102 | C27: ESPECIALISTA HIDRAULICO | D27: 9114 | E27: 1 | F27: 8 | G27: 0.1 | H27: 5200000 | I27: =+FC!E29 -> 1.58 | J27: 4 | K27: =+((((H27*I27)/100)+H27)*G27)*J27 -> 2112864
B28: 1.103 | C28: TOPOGRAFO | D28: 9114 | E28: 1 | F28: 8 | G28: 0.15 | H28: 5200000 | I28: =+FC!E29 -> 1.58 | J28: 4 | K28: =+((((H28*I28)/100)+H28)*G28)*J28 -> 3169296
B29: 1.104 | C29: INGENIERO RESIDENTE DE OBRA | D29: 9114 | E29: 1 | F29: 8 | G29: 1 | H29: 5200000 | I29: =+FC!E29 -> 1.58 | J29: 4 | K29: =+((((H29*I29)/100)+H29)*G29)*J29 -> 21128640
B30: 1.105 | C30: ARQUITECTO | D30: 9114 | E30: 1 | F30: 8 | G30: 0.15 | H30: 5200000 | I30: =+FC!$E$29 -> 1.58 | J30: 4 | K30: =+((((H30*I30)/100)+H30)*G30)*J30 -> 3169296
B31: 1.2 | C31: PERSONAL TÉCNICO Y PERSONAL AUXILIAR
B32: 1.201 | C32: TARIFA MES - PERSONAL TÉCNICO - INSPECTOR 1 (No incluye Factor de Prestaciones) | D32: 9093 | E32: 1 | G32: 0.7 | H32: 2586000 | I32: =+FC!$E$29 -> 1.58 | J32: 4 | K32: =+((((H32*I32)/100)+H32)*G32)*J32 -> 7355204.6
B33: 1.202 | C33: TARIFA MES - PERSONAL TÉCNICO - TOPÓGRAFO INSPECTOR (No incluye Factor de Prestaciones) | D33: 9088 | E33: 1 | G33: 0.2 | H33: 3555000 | I33: =+FC!$E$29 -> 1.58 | J33: 4 | K33: =+((((H33*I33)/100)+H33)*G33)*J33 -> 2888935.2
B34: 1.3 | C34: PERSONAL ADMINISTRATIVO
B35: 1.301 | C35: TARIFA MES - PERSONAL ADMINISTRATIVO - AUXILIAR ADMINISTRATIVO-ALMACENISTA (No incluye Factor de Prestaciones) | D35: 9103 | E35: 1 | G35: 1 | H35: 2361000 | I35: =+FC!$E$29 -> 1.58 | J35: 4 | K35: =+((((H35*I35)/100)+H35)*G35)*J35 -> 9593215.2
K36: =SUM(K26:K35) -> 58372744
B38: 2 | C38: GASTOS OPERACIONALES MENSUALES | D38: CODIGO IDU | E38: CANTIDAD | F38: AREA (M2) | G38: Dedicación /Mes | H38: DEDICACIÓN X AREA (M2) | I38: COSTO ($/M2.MES) | J38: No. MESES | K38: VALOR ($)
B39: 2.01 | C39: ALQUILER MES - ARRIENDO OFICINA INCL. ADMINISTRACIÓN, SERVICIOS PÚBLICOS, COMUNICACIONES | D39: 9576 | E39: 1 | F39: 15 | G39: 1 | H39: 1 | I39: 51916 | J39: 4 | K39: =+I39*F39 -> 778740
B40: 2.02 | C40: TARIFA GLOBAL - GASTOS OFICINA (PAPELERIA, FOTOCOPIAS Y OTROS) | D40: 9578 | E40: 1 | G40: 1 | H40: NA | I40: 1199778 | J40: 4 | K40: =+I40 -> 1199778
B41: 2.03 | C41: EQUIPO DE TOPOGRAFÍA. ESTACION TOTAL, Precisión lineal ≤ (2 mm + 2 ppm x D), precisión angular ≤ 3". Alcance: con un prisma hasta 2000 metros en buenas condiciones. (Accesorios: Trípodes, bastones, prismas, cintas metálicas, baterías, entre otros). TARIFA MES | D41: 13418 | E41: 1 | G41: 0.5 | H41: NA | I41: 2142000 | J41: 4 | K41: =+I41*G41 -> 1071000
C43: SUBTOTAL GASTOS OPERACIONALES MENSUALES | K43: =SUM(K39:K41) -> 3049518
C45: COSTOS MENSUALES DE PERSONAL + GASTOS OPERACIONALES MENSUALES | K45: =K36+K43 -> 61422262
C46: COSTOS MENSUALES DE PERSONAL + GASTOS OPERACIONALES MENSUALES EN PORCENTAJE DEL COSTO DIRECTO | K46: =ROUND(K45/H9,4) -> 0.1471
B48: 3 | C48: IMPUESTOS Y GARANTIAS
B49: 3.1 | C49: IMPUESTOS
B50: ITEM | C50: DESCRIPCIÓN | J50: IMPUESTO | K50: VALOR ($)
B51: 3.101 | C51: Contribución Especial (Impuesto de Guerra Ley 1738 DIC18-2014 prorroga 4 años) | J51: 0.05 | K51: =+(J51*H$9) -> 20872782 | L51: =+J51*H9 -> 20872782
B52: 3.102 | C52: ICA (Ley 14 6jul1983, Res 219 25feb2004) | F52: Mes | G52: =+#REF! -> #REF! | H52: 1 | I52: =G52*H52 -> #REF! | J52: 0.0069 | K52: =+(J52*H$9) -> 2880444
B53: 3.103 | C53: Retefuente | J53: 0.02 | K53: =+(J53*H$9) -> 8349112.9
B54: 3.104 | C54: Estampilla Unipedagógica (Dec 584 de 19 dic 2014) | J54: 0.005 | K54: =+(J54*H$9) -> 2087278.2
C55: SUBTOTAL IMPUESTOS | K55: =SUM(K51:K54) -> 34189617
B57: 3.2 | C57: GARANTÍAS
B58: ITEM | C58: DESCRIPCIÓN | F58: VALOR BASE | H58: % ASEGURADO | I58: VIGENCIA AMPARO (MESES) | J58: TASA ASEGURADORA | K58: VALOR ($)
B59: 3.201 | C59: CUMPLIMIENTO | E59: GARANTÍA UNICA | F59: =H9 -> 417455645 | H59: 0.1 | I59: 10 | J59: 0.002 | K59: =(((((((F59*H59)*J59)/12)*I59)*1.19))) -> 82795.37 | M59: =+F59*H59 -> 41745564 | N59: =+M59*J59 -> 83491.129
B60: 3.202 | C60: SALARIOS Y PRESTACIONES SOCIALES | F60: =H9 -> 417455645 | H60: 0.05 | I60: 52 | J60: 0.002 | K60: =(((((((F60*H60)*J60)/12)*I60)*1.19))) -> 215267.96
B61: 3.203 | C61: ESTABILIDAD DE LA OBRA | F61: =H9 -> 417455645 | H61: 0.4 | I61: 48 | J61: 0.002 | K61: =(((((((F61*H61)*J61)/12)*I61)*1.19))) -> 1589671.1
B62: 3.204 | C62: Predios, labores y Operaciones- Vigencia (Decreto 1082 de 2015 Sección III) | E62: RESPONSABILIDAD CIVIL EXTRACONTRACTUAL | F62: =200*1423500 -> 284700000 | H62: 1 | I62: =H12 -> 4 | J62: 0.003 | K62: =(((((((F62*H62)*J62)/12)*I62)*1.19))) -> 338793 | L62: =+(F62*H62)*J62 -> 854100
C64: SUBTOTAL GARANTÍAS | K64: =SUM(K59:K62) -> 2226527.4
C66: TOTAL IMPUESTOS Y GARANTÍAS | K66: =+K55+K64 -> 36416145
C67: TOTAL IMPUESTOS Y GARANTÍAS EN PORCENTAJE DEL COSTO DIRECTO | K67: =ROUND(K66/H9,4) -> 0.0872
B69: A | E69: ADMINISTRACIÓN | K69: =ROUND(K46+K67,4) -> 0.2343
B70: I | E70: IMPREVISTOS | K70: 0.01
B71: U | E71: UTILIDAD | K71: 0.04
C73: A.I.U (ADMINISTRACIÓN, IMPREVISTOS Y UTILIDAD) | K73: =SUM(K69:K71) -> 0.2843

Sheet SST - AMBIENTAL
B2: SISTEMA DE GESTIÓN AMBIENTAL, SEGURIDAD Y SALUD EN EL TRABAJO FONDO DE DESARROLLO LOCAL DE RAFAEL URIBE URIBE
B5: OBJETO | H5: EJECUTAR A MONTO AGOTABLE Y A PRECIOS UNITARIOS FIJOS, EL DIAGNOSTICO Y LAS OBRAS NECESARIAS PARA LA ADECUACIÓN, DOTACION, MANTENIMIENTO Y/O MEJORAMIENTO DE LOS PARQUES CATALOGADOS DE PROXIMIDAD EN LA LOCALIDAD DE RAFAEL URIBE URIBE EN BOGOTÁ D.C”.
C9: COSTO DIRECTO ESTIMADO DE OBRA (CD) | K9: =PRESUPUESTO!G15 -> 417455645
C10: AIU | K10: ='AIU '!K73 -> 0.2843
K11: =ROUND(K9*K10,0) -> 118682640
C12: TERMINO ESTIMADO DE EJECUCIÓN DE OBRA | K12: 4
C14: COSTO ACTIVIDADES AMBIENTALES y SST | K14: =+M85 -> 16012445
C15: COSTO GESTION SOCIAL | K15: =+'SOCIAL '!M52 -> 22313976
C17: COSTO TOTAL PRESUPUESTO MONTO AGOTABLE | K17: =+K9+K11+K14+K15 -> 574464706
B21: COMPONTE A. PERSONAL
B22: EJECUCIÓN DE OBRAS
B23: ÍTEMS | F23: CODIGO | G23: UN. | H23: CAT | I23: CANT | J23: DEDIC MES | K23: DURACION | L23: TARIFA | M23: F.P | N23: TOTAL ACTIVIDAD
B24: 1 | C24: PROFESIONAL AMBIENTAL | F24: 9114 | G24: MES | H24: 8 | I24: 1 | J24: 0.2 | K24: =K12 -> 4 | L24: 5200000 | M24: =FC!E29 -> 1.58 | N24: =+(((L24*M24/100)+L24)*K24)*J24 -> 4225728
B25: 2 | C25: PROFESIONAL SST | F25: 9114 | G25: MES | H25: 8 | I25: 1 | J25: 0.2 | K25: =K12 -> 4 | L25: 5200000 | M25: =FC!E29 -> 1.58 | N25: =ROUND(K25*L25*M25*J25,0) -> 6572800 | P25: =+Q26*4 -> 16432000
B26: SUBTOTAL COMPONENTE A | M26: =SUM(N24:N25) -> 10798528 | Q26: =+(L25*M25)/2 -> 4108000
B28: COMPONTE B. MANEJO DE LA VEGETACION Y DEL PAISAJE
B29: ÍTEMS | E29: ESPECIFICACIÓN | H29: UN | I29: CANTIDAD | J29: CODIGO | K29: VALOR UNITARIO | M29: VALOR TOTAL
B30: B1 | C30: MANEJO DE LA VEGETACION EXISTENTE Y DE ACTIVIDADES DE DISEÑO PAISAJISTICO
B31: 1.1 | C31: PROTECCION DE ARBOLES | E31: =VLOOKUP(J31,[114]PRECIOS!$B$3:$D$3651,2,FALSE) -> TELA VERDE DE CERRAMIENTO (2.10mx250) | H31: M2 | I31: 5 | J31: 7559 | K31: 2672 | M31: =ROUND(I31*K31,0) -> 13360
B32: 1.2 | C32: SOPORTE MALLA | E32: =VLOOKUP(J32,[114]PRECIOS!$B$3:$D$3651,2,FALSE) -> VARA DE CORREDOR 6.0 M | H32: UN | I32: 3 | J32: 7285 | K32: 16800 | M32: =ROUND(I32*K32,0) -> 50400
G33: SUBTOTAL DEL COMPONENTE C | M33: =SUM(M31:N32) -> 63760
B35: COMPONTE C. ACTIVIDADES DE OBRA
B36: ÍTEMS | E36: ESPECIFICACIÓN | H36: UN | I36: CANTIDAD | J36: CODIGO | K36: VALOR UNITARIO | M36: VALOR TOTAL
B37: C 1 | C37: MANEJO DE CAMPAMENTOS Y CENTROS DE ACOPIO
B38: 1.1 | C38: CANECAS PARA CAMPAMENTOS Y FRENTES DE OBRA | E38: =VLOOKUP(J38,[114]PRECIOS!$B$3:$D$3651,2,FALSE) -> CANECA PLÁSTICA NEGRA DE 55 GALONES CON TAPA PLANA. | H38: UN | I38: 3 | J38: 9290 | K38: 137784 | M38: =ROUND(I38*K38,0) -> 413352
G39: SUBTOTAL DEL PROGRAMA | M39: =SUM(M38:M38) -> 413352
B41: C 2 | C41: MANEJO DE MATERIALES DE CONSTRUCCIÓN
B42: 2.1 | C42: PUNTO DE ACOPIO DE MATERIALES | E42: =VLOOKUP(J42,[114]PRECIOS!$B$3:$D$3651,2,FALSE) -> PLASTICO NEGRO CALIBRE 6 | H42: M2 | I42: 5 | J42: 7556 | K42: 1671 | M42: =ROUND(I42*K42,0) -> 8355
E43: =VLOOKUP(J43,[114]PRECIOS!$B$3:$D$3651,2,FALSE) -> SEÑALIZACION TUBULAR COLOMBINA PLASTICA | H43: UN | I43: 3 | J43: 7554 | K43: 44982 | M43: =ROUND(I43*K43,0) -> 134946
E44: =VLOOKUP(J44,[114]PRECIOS!$B$3:$D$3651,2,FALSE) -> CINTA PARA SEÑALIZACION DE 500MT X 4" PELIGRO CALIBRE 3.5 | H44: ROLLO | I44: 1 | J44: 7850 | K44: 25149 | M44: =ROUND(I44*K44,0) -> 25149
G45: SUBTOTAL DEL PROGRAMA | M45: =SUM(M42:N44) -> 168450
B47: C 3 | C47: MANEJO INTEGRAL DE RESIDUOS SÓLIDOS
B48: 3.1 | C48: ACOPIO TEMPORAL DE RCD EN FRENTES DE OBRA | E48: =VLOOKUP(J48,[114]PRECIOS!$B$3:$D$3651,2,FALSE) -> PLASTICO NEGRO CALIBRE 6 | H48: M2 | I48: 5 | J48: 7556 | K48: 1671 | M48: =ROUND(I48*K48,0) -> 8355
C49: KIT BRIGADA DE ASEO Y LIMPIEZA | E49: =VLOOKUP(J49,[114]PRECIOS!$B$3:$D$3651,2,FALSE) -> PALA REDONDA No. 2 CON CABO | H49: UN | I49: 3 | J49: 9287 | K49: 21317 | M49: =ROUND(I49*K49,0) -> 63951
E50: =VLOOKUP(J50,[114]PRECIOS!$B$3:$D$3651,2,FALSE) -> CEPILLO INDUSTRIAL DE NYLON CON CABO DE 35CM A 42CM X 9CM X 17CM | H50: UN | I50: 3 | J50: 7811 | K50: 15938 | M50: =ROUND(I50*K50,0) -> 47814
E51: =VLOOKUP(J51,[114]PRECIOS!$B$3:$D$3651,2,FALSE) -> BOLSA PARA BASURA TIPO INDUSTRIAL NEGRA DE 60 x 90 Cm CALIBRE 2 (PAQUETE DE 30 UNIDADES) | H51: UN | I51: 3 | J51: 9280 | K51: 13029 | M51: =ROUND(I51*K51,0) -> 39087
G52: SUBTOTAL DEL PROGRAMA | M52: =SUM(M48:N51) -> 159207
B55: SUBTOTAL DEL COMPONENTE C | M55: =+M52+M45+M39 -> 741009
B57: COMPONENTE D. GESTIÓN EN SEGURIDAD Y SALUD EN EL TRABAJO
B58: ÍTEMS | H58: CANTIDAD | I58: UN. | J58: CODIGO | K58: VALOR UNITARIO | M58: VALOR TOTAL
C59: SEGURIDAD Y SALUD EN EL TRABAJO
B60: 1.001 | C60: =VLOOKUP(J60,[114]PRECIOS!$B$3:$D$3651,2,FALSE) -> BOTIQUIN PRIMEROS AUXILIOS CON MEDICAMENTOS DE 22CM X 27CM | H60: 1 | I60: UN | J60: 7569 | K60: 58501 | M60: =ROUND(H60*K60,0) -> 58501
B61: =B60+0.01 -> 1.011 | C61: =VLOOKUP(J61,[114]PRECIOS!$B$3:$D$3651,2,FALSE) -> CAMILLA MADERA PRIMEROS AUXILIOS INMOVILIZADOR CABEZA | H61: 1 | I61: UN | J61: 7818 | K61: 207247 | M61: =ROUND(H61*K61,0) -> 207247
B62: =B61+0.01 -> 1.021 | C62: =VLOOKUP(J62,[114]PRECIOS!$B$3:$D$3651,2,FALSE) -> EXTINTOR POLVO QUIMICO SECO DE 20LB TIPO ABC METALICO CON GANCHO Y AVISO | H62: 1 | I62: UN | J62: 7819 | K62: 92920 | M62: =ROUND(H62*K62,0) -> 92920
B63: =B62+0.01 -> 1.031 | C63: =VLOOKUP(J63,[114]PRECIOS!$B$3:$D$3651,2,FALSE) -> BOTA CUERO LISA NEGRA SEGURIDAD PUNTERA DE ACERO | H63: 9 | I63: PAR | J63: 7822 | K63: 70000 | M63: =ROUND(H63*K63,0) -> 630000
B64: =B63+0.01 -> 1.041 | C64: =VLOOKUP(J64,[114]PRECIOS!$B$3:$D$3651,2,FALSE) -> PROTECTOR AUDITIVO TIPO TAPON INSERCION EN SILICONA CON CORDEL EN ESTUCHE | H64: 9 | I64: PAR | J64: 7827 | K64: 2618 | M64: =ROUND(H64*K64,0) -> 23562
B65: =B64+0.01 -> 1.051 | C65: =VLOOKUP(J65,[114]PRECIOS!$B$3:$D$3651,2,FALSE) -> OVEROL EN DRILL DOS PIEZAS, CAMISA Y PANTALÓN | H65: 3 | I65: UN | J65: 9286 | K65: 71019 | M65: =ROUND(H65*K65,0) -> 213057
B66: =B65+0.01 -> 1.061 | C66: =VLOOKUP(J66,[114]PRECIOS!$B$3:$D$3651,2,FALSE) -> GUANTE CARNAZA REFORZADO EN CARNAZA LARGO | H66: 9 | I66: PAR | J66: 7846 | K66: 10591 | M66: =ROUND(H66*K66,0) -> 95319
B67: =B66+0.01 -> 1.071 | C67: =VLOOKUP(J67,[114]PRECIOS!$B$3:$D$3651,2,FALSE) -> GUANTE CAUCHO NEGRO CORRUGADO CALIBRE 35 | H67: 9 | I67: PAR | J67: 9283 | K67: 6500 | M67: =ROUND(H67*K67,0) -> 58500
B68: =B67+0.01 -> 1.081 | C68: =VLOOKUP(J68,[114]PRECIOS!$B$3:$D$3651,2,FALSE) -> GUANTE NITRILO 13" RESISTENTE CONTRA QUIMICOS COMBUSTIBLES SOLVENTES GRASAS | H68: 9 | I68: PAR | J68: 7844 | K68: 10591 | M68: =ROUND(H68*K68,0) -> 95319
C69: EXÁMENES OCUPACIONALES
B70: =B68+0.01 -> 1.091 | C70: =VLOOKUP(J70,[114]PRECIOS!$B$3:$D$3651,2,FALSE) -> EXÁMEN MÉDICO OCUPACIONAL DE INGRESO O RETIRO | H70: 10 | I70: UN | J70: 7904 | K70: 30000 | M70: =ROUND(H70*K70,0) -> 300000
B71: =B70+0.01 -> 1.101 | C71: =VLOOKUP(J71,[114]PRECIOS!$B$3:$D$3651,2,FALSE) -> EXAMEN DE AUDIOMETRÍA DE INGRESO O EGRESO | H71: 10 | I71: UN | J71: 7906 | K71: 25000 | M71: =ROUND(H71*K71,0) -> 250000
B72: =B71+0.01 -> 1.111 | C72: =VLOOKUP(J72,[114]PRECIOS!$B$3:$D$3651,2,FALSE) -> EXAMEN DE OPTOMETRÍA DE INGRESO O EGRESO | H72: 10 | I72: UN | J72: 7908 | K72: 25600 | M72: =ROUND(H72*K72,0) -> 256000
G73: SUBTOTAL COMPONENTE E | M73: =SUM(M60:N72) -> 2280425
B75: COMPONENTE E. PLAN DE SEÑALIZACIÓN
B76: ÍTEMS | H76: CANTIDAD | I76: UN. | J76: CODIGO | K76: VALOR UNITARIO | M76: VALOR TOTAL
B77: E1 | C77: SEGURIDAD Y SALUD EN EL TRABAJO
B78: 1.01 | C78: SEÑALIZACIÓN INTERNA DE EXCAVACIONES, POZOS, VACÍOS | F78: SEÑALIZACION TUBULAR COLOMBINA PLASTICA | H78: 2 | I78: UN | J78: 7554 | K78: 44982 | M78: =ROUND(H78*K78,0) -> 89964
B79: =B78+0.01 -> 1.02 | F79: CINTA PARA SEÑALIZACION DE 500MT X 4" PELIGO CALIBRE 3.5 | H79: 1 | I79: ROLLO | J79: 7850 | K79: 25149 | M79: =ROUND(H79*K79,0) -> 25149
B80: =B79+0.01 -> 1.03 | C80: SEÑALES DE CAMPAMENTO Y FRENTES DE OBRA | F80: SEÑAL EN POLIESTRIENO (30cm x 20cm) FOTOLUMINISCENTE - NORMA NTC - ISO | H80: 2 | I80: UN | J80: 9985 | K80: 68425 | M80: =ROUND(H80*K80,0) -> 136850
B81: =B80+0.01 -> 1.04 | F81: SEÑAL EN POLIESTRIENO (30cm x 45cm) REFLECTIVO GRADO INGENIERÍA - NORMA ISO | H81: 2 | I81: UN | J81: 9986 | K81: 90797 | M81: =ROUND(H81*K81,0) -> 181594
G82: SUBTOTAL COMPONENTE E | M82: =SUM(M78:N81) -> 433557
B83: SUBTOTAL COMPONENTES A+B+C+D+E | M83: =M73+M55+M33+M26+M82 -> 14317279
B84: A.I.U. | L84: ='AIU - SST - AMBIENTAL'!L36 -> 0.1184 | M84: =ROUND(L84*M83,0) -> 1695166
B85: VALOR GLOBAL AMBIENTAL CON AIU : TOTAL COMPONENTES A+B+C+D+E | M85: =M84+M83 -> 16012445

Sheet AIU - SST - AMBIENTAL
B2: MATRIZ PARA CÁLCULO DE AIU- AMBIENTAL FONDO DE DESARROLLO LOCAL DE RAFAEL URIBE URIBE
B5: OBJETO | G5: EJECUTAR A MONTO AGOTABLE Y A PRECIOS UNITARIOS FIJOS, EL DIAGNOSTICO Y LAS OBRAS NECESARIAS PARA LA ADECUACIÓN, DOTACION, MANTENIMIENTO Y/O MEJORAMIENTO DE LOS PARQUES CATALOGADOS DE PROXIMIDAD EN LA LOCALIDAD DE RAFAEL URIBE URIBE EN BOGOTÁ D.C”.
B9: SUBTOTAL COMPONENTES A+B+C+D | E9: =+'SST - AMBIENTAL'!M83 -> 14317279 | I9: FECHA:
B10: TERMINO ESTIMADO DE EJECUCIÓN DE OBRA | E10: 4 | F10: MESES | I10: CONTRATO No.
B12: 1. IMPUESTOS Y GARANTÍAS
B13: 1.1 | C13: IMPUESTOS
B14: ÍTEM | C14: DESCRIPCIÓN | J14: IMPUESTO | L14: VALOR ($)
B15: =B13+0.001 -> 1.101 | C15: Contribución Especial (Impuesto de Guerra Ley 1738 DIC18-2014 prorroga 4 años) | J15: 0.05 | L15: =ROUND($E$9*J15,0) -> 715864
B16: =B15+0.001 -> 1.102 | C16: ICA (Ley 14 6jul1983, Res 219 25feb2004) | J16: 0.0069 | L16: =ROUND($E$9*J16,0) -> 98789
B17: =B16+0.001 -> 1.103 | C17: Retefuente | J17: 0.02 | L17: =ROUND($E$9*J17,0) -> 286346
B18: =B17+0.001 -> 1.104 | C18: Estampilla Unipedagógica (Dec 584 de 19 dic 2014) | J18: 0.005 | L18: =ROUND($E$9*J18,0) -> 71586
C19: SUBTOTAL IMPUESTOS | L19: =SUM(L15:L18) -> 1172585
B21: 2 | C21: GARANTIAS
B22: ÍTEM | C22: DESCRIPCIÓN | E22: VR. BASE | G22: % ASEGURADO | I22: VIGENCIA AMPARO (MESES) | J22: TASA ASEGURADORA | L22: VALOR ($)
B23: =B21+0.001 -> 2.001 | C23: Cumplimiento | D23: GARANTIA UNICA | E23: =$E$9 -> 14317279 | G23: 0.3 | I23: =+'AIU '!I59 -> 10 | J23: =+'AIU '!J59 -> 0.002 | L23: =ROUND((((((E23*G23)*J23)/12)*I23)+2500)*1.19,0) -> 11494
B24: =B23+0.001 -> 2.002 | C24: Salarios y Prestaciones Sociales | E24: =$E$9 -> 14317279 | G24: 0.1 | I24: =+'AIU '!I60 -> 52 | J24: =+'AIU '!J60 -> 0.002 | L24: =ROUND((((((E24*G24)*J24)/12)*I24)+2500)*1.19,0) -> 17741
B25: =B24+0.001 -> 2.003 | C25: Estabilidad de la Obra | E25: =$E$9 -> 14317279 | G25: 0.3 | I25: =+'AIU '!I61 -> 48 | J25: =+'AIU '!J61 -> 0.002 | L25: =ROUND((((((E25*G25)*J25)/12)*I25)+2500)*1.19,0) -> 43865
B26: =B25+0.001 -> 2.004 | C26: Predios, labores y Operaciones- Vigencia (Decreto 1082 de 2015 Sección III) | D26: RESPONSABILIDAD CIVIL EXTRACONTRACTUAL | E26: =+E9 -> 14317279 | G26: 1 | I26: =+'AIU '!I62 -> 4 | J26: =+'AIU '!J62 -> 0.003 | L26: =ROUND((((((E26*G26)*J26)/12)*I26)+2500)*1.19,0) -> 20013
C27: SUBTOTAL GARANTÍAS | L27: =ROUND(SUM(L23:L26),0) -> 93113
B29: TOTAL IMPUESTOS Y GARANTÍAS | L29: =ROUND(L19+L27,0) -> 1265698
B30: TOTAL IMPUESTOS Y GARANTÍAS EN PORCENTAJE DEL COSTO DIRECTO | L30: =+L29/E9 -> 0.08840353
B32: A. ADMINISTRACIÓN (1 + 2) | L32: =L30 -> 0.08840353
B33: I. IMPREVISTOS | L33: 0.01
B34: U. UTILIDAD | L34: 0.02
B36: A.I.U. (ADMINISTRACIÓN, IMPREVISTOS Y UTILIDAD) | L36: =ROUND(SUM(L32:L34),4) -> 0.1184

Sheet SOCIAL 
B2: SISTEMA DE GESTIÓN AMBIENTAL, SEGURIDAD Y SALUD EN EL TRABAJO FONDO DE DESARROLLO LOCAL DE RAFAEL URIBE URIBE
B5: OBJETO | H5: EJECUTAR A MONTO AGOTABLE Y A PRECIOS UNITARIOS FIJOS, EL DIAGNOSTICO Y LAS OBRAS NECESARIAS PARA LA ADECUACIÓN, DOTACION, MANTENIMIENTO Y/O MEJORAMIENTO DE LOS PARQUES CATALOGADOS DE PROXIMIDAD EN LA LOCALIDAD DE RAFAEL URIBE URIBE EN BOGOTÁ D.C”.
C9: COSTO DIRECTO ESTIMADO DE OBRA (CD) | K9: =PRESUPUESTO!G15 -> 417455645
C10: AIU | K10: ='AIU '!K73 -> 0.2843
K11: =ROUND(K9*K10,0) -> 118682640
C12: TERMINO ESTIMADO DE EJECUCIÓN DE OBRA | K12: 4
C13: COSTO ACTIVIDADES AMBIENTALES y SST | K13: =+'SST - AMBIENTAL'!M85 -> 16012445
C14: COSTO GESTION SOCIAL | K14: =+M52 -> 22313976
C16: COSTO TOTAL PRESUPUESTO MONTO AGOTABLE | K16: =+K14+K13+K11+K9 -> 574464706
B20: COMPONTE A. PERSONAL | O20: =+O22+L23 -> 5200000 | P20: =+O20*K23 -> 20800000
B21: EJECUCIÓN DE OBRAS
B22: ÍTEMS | F22: CODIGO | G22: UN. | H22: CAT | I22: CANT | J22: DEDICACION | K22: DURACION | L22: TARIFA | M22: F.P | N22: TOTAL ACTIVIDAD
B23: 1 | C23: Residente Social | F23: 9114 | G23: MES | H23: 8 | I23: 1 | J23: 0.5 | K23: =K12 -> 4 | L23: 5200000 | M23: =FC!E29 -> 1.58 | N23: =+(((L23*M23/100)+L23)*K23)*J23 -> 10564320 | P23: =+L23*J23*K23*M23 -> 16432000
B24: 2 | C24: Asistente Social | F24: 9105 | G24: MES | H24: 8 | I24: 1 | J24: 1 | K24: =K12 -> 4 | L24: 1597000 | M24: =FC!E29 -> 1.58 | N24: =+(((L24*M24/100)+L24)*K24)*J24 -> 6488930.4
B25: SUBTOTAL COMPONENTE A | M25: =SUM(N23:N24) -> 17053250
B27: Componente B. Plan de Gestión Social
B28: ÍTEMS | E28: ESPECIFICACIÓN | H28: UN | I28: CANTIDAD | J28: CODIGO | K28: VALOR UNITARIO | M28: VALOR TOTAL
B29: B1 | C29: PROGRAMA DE INFORMACION Y DIVULGACION AL CIUDADANO
B30: 1 | C30: VÍDEO BEAM - ALQUILER POR DIA | H30: UN | I30: 3 | J30: 7870 | K30: 99855 | M30: =ROUND(I30*K30,0) -> 299565
B31: 2 | C31: AFICHE TAMAÑO MEDIO PLIEGO A 4X0 TINTAS EN PROPALCOTE DE 115 GR. | H31: UN | I31: 6 | J31: 7897 | K31: 1323 | M31: =ROUND(I31*K31,0) -> 7938
B32: 3 | C32: PLEGABLES DE SOSTENIBILIDAD EN TRES CUERPOS TAMAÑO CARTA A 4X4 TINTAS EN PROPALCOTE. | H32: UN | I32: 6 | J32: 7898 | K32: 500 | M32: =ROUND(I32*K32,0) -> 3000
B33: 4 | C33: IMPRESIÓN HOJA CARTA, A 1X0 TINTAS EN PAPEL BOND DE 75 GR. | H33: UN | I33: 1200 | J33: 7896 | K33: 120 | M33: =ROUND(I33*K33,0) -> 144000
G34: SUBTOTAL DEL COMPONENTE B | M34: =SUM(M30:N33) -> 454503
B37: COMPONENTE C. Programa de Atención al ciudadano
B38: ÍTEMS | H38: CANTIDAD | I38: UN. | J38: CODIGO | K38: VALOR UNITARIO | M38: VALOR TOTAL
B39: C1 | C39: Adecuación del punto CREA-Atención al ciudadano
B40: 1 | C40: TARIFA MES - EDICIÓN DE INFORME MENSUAL DE INTERVENTORÍA O CONSULTORÍA. Incluye 4 tapas plastificadas tamaño carta color blanco, con 6 tornillos, hojas de papel bond tamaño carta 75 gramos, 170 folios | H40: 4 | I40: UN/MES | J40: 9840 | K40: 251000 | M40: =ROUND(H40*K40,0) -> 1004000
B41: 2 | C41: ALQUILER DE SILLA PARA ESCRITORIO PARA PUESTO DE TRABAJO | H41: 4 | I41: UN/MES | J41: 6170 | K41: 10414 | M41: =ROUND(H41*K41,0) -> 41656
B42: 3 | C42: ALQUILER DE PUESTO DE TRABAJO - ESCRITORIO 75x120x50cm | H42: 1 | I42: UN/MES | J42: 6169 | K42: 11521 | M42: =+(K42*H42)*K12 -> 46084
B43: 4 | C43: ALQUILER DE SILLA PLÁSTICA SIN BRAZOS | H43: 3 | I43: UN/MES | J43: 6172 | K43: 3039 | M43: =+(K43*H43)*K12 -> 36468
B44: 5 | C44: CARTELERA TIPO PUNTO IDU DE 1.00M X 1.00M EN ALUMINIO ANODIZADO, CON PAÑO COLOR GRIS, CENEFA SUPERIOR, PUERTAS CORREDIZAS, LOGO INSTITUCIONAL. INCLUYE SUMINISTRO E INSTALACION. | H44: 1 | I44: UN | J44: 7895 | K44: 553587 | M44: =ROUND(H44*K44,0) -> 553587
B45: 6 | C45: AVISO PUNTO IDU 1.50M X 0.90M (MATERIAL DE IMPRESIÓN VINILO PARA EXTERIORES. INCLUYE SUMINISTRO E INSTALACIÓN). | H45: 1 | I45: UN | J45: 7894 | K45: 799680 | M45: =ROUND(H45*K45,0) -> 799680
G46: SUBTOTAL COMPONENTE E | M46: =SUM(M40:N45) -> 2481475
B50: SUBTOTAL COMPONENTES A+B+C | M50: =ROUND(+M46+M34+M25,0) -> 19989228
B51: A.I.U. | L51: ='AIU - SOCIAL'!L36 -> 0.11630003 | M51: =ROUND(L51*M50,0) -> 2324748
B52: VALOR GLOBAL SOCIAL CON AIU : TOTAL COMPONENTES A+B+C | M52: =M51+M50 -> 22313976

Sheet AIU - SOCIAL
B2: MATRIZ PARA CÁLCULO DE AIU- AMBIENTAL FONDO DE DESARROLLO LOCAL DE RAFAEL URIBE URIBE
B5: OBJETO | G5: EJECUTAR A MONTO AGOTABLE Y A PRECIOS UNITARIOS FIJOS, EL DIAGNOSTICO Y LAS OBRAS NECESARIAS PARA LA ADECUACIÓN, DOTACION, MANTENIMIENTO Y/O MEJORAMIENTO DE LOS PARQUES CATALOGADOS DE PROXIMIDAD EN LA LOCALIDAD DE RAFAEL URIBE URIBE EN BOGOTÁ D.C”.
B9: SUBTOTAL COMPONENTES A+B+C | E9: =+'SOCIAL '!M50 -> 19989228 | I9: FECHA:
B10: TERMINO ESTIMADO DE EJECUCIÓN DE OBRA | E10: 4 | F10: MESES | I10: CONTRATO No.
B12: IMPUESTOS Y GARANTÍAS
B13: 1 | C13: IMPUESTOS
B14: ÍTEM | C14: DESCRIPCIÓN | J14: IMPUESTO | L14: VALOR ($)
B15: =B13+0.001 -> 1.001 | C15: Contribución Especial (Impuesto de Guerra Ley 1738 DIC18-2014 prorroga 4 años) | J15: 0.05 | L15: =ROUND($E$9*J15,0) -> 999461
B16: =B15+0.001 -> 1.002 | C16: ICA (Ley 14 6jul1983, Res 219 25feb2004) | J16: 0.0069 | L16: =ROUND($E$9*J16,0) -> 137926
B17: =B16+0.001 -> 1.003 | C17: Retefuente | J17: 0.02 | L17: =ROUND($E$9*J17,0) -> 399785
B18: =B17+0.001 -> 1.004 | C18: Estampilla Unipedagógica (Dec 584 de 19 dic 2014) | J18: 0.005 | L18: =ROUND($E$9*J18,0) -> 99946
C19: SUBTOTAL IMPUESTOS | L19: =SUM(L15:L18) -> 1637118
B21: 2 | C21: GARANTIAS
B22: ÍTEM | C22: DESCRIPCIÓN | E22: VR. BASE | G22: % ASEGURADO | I22: VIGENCIA AMPARO (MESES) | J22: TASA ASEGURADORA | L22: VALOR ($)
B23: =B21+0.001 -> 2.001 | C23: Cumplimiento | D23: GARANTIA UNICA | E23: =$E$9 -> 19989228 | G23: 0.3 | I23: =+'AIU '!I59 -> 10 | J23: =+'AIU '!J59 -> 0.002 | L23: =+(E23*G23)*J23 -> 11993.537
B24: =B23+0.001 -> 2.002 | C24: Salarios y Prestaciones Sociales | E24: =$E$9 -> 19989228 | G24: 0.1 | I24: =+'AIU '!I60 -> 52 | J24: =+'AIU '!J60 -> 0.002 | L24: =+(E24*G24)*J24 -> 3997.8456
B25: =B24+0.001 -> 2.003 | C25: Estabilidad de la Obra | E25: =$E$9 -> 19989228 | G25: 0.3 | I25: =+'AIU '!I61 -> 48 | J25: =+'AIU '!J61 -> 0.002 | L25: =+(E25*G25)*J25 -> 11993.537
B26: =B25+0.001 -> 2.004 | C26: Predios, labores y Operaciones- Vigencia (Decreto 1082 de 2015 Sección III) | D26: RESPONSABILIDAD CIVIL EXTRACONTRACTUAL | E26: =+E9 -> 19989228 | G26: 1 | I26: =+'AIU '!I62 -> 4 | J26: =+'AIU '!J62 -> 0.003 | L26: =+(E26*G26)*J26 -> 59967.684
C27: SUBTOTAL GARANTÍAS | L27: =ROUND(SUM(L23:L26),0) -> 87953
B29: TOTAL IMPUESTOS Y GARANTÍAS | L29: =ROUND(L19+L27,0) -> 1725071
B30: TOTAL IMPUESTOS Y GARANTÍAS EN PORCENTAJE DEL COSTO DIRECTO | L30: =+L29/E9 -> 0.086300031
B32: A. ADMINISTRACIÓN (1 + 2) | L32: =L30 -> 0.086300031
B33: I. IMPREVISTOS | L33: 0.01
B34: U. UTILIDAD | L34: 0.02
B36: A.I.U. (ADMINISTRACIÓN, IMPREVISTOS Y UTILIDAD) | L36: =SUM(L32:L34) -> 0.11630003

Sheet FC
B2: EJECUTAR A MONTO AGOTABLE Y A PRECIOS UNITARIOS FIJOS, EL DIAGNOSTICO Y LAS OBRAS NECESARIAS PARA LA ADECUACIÓN, DOTACION, MANTENIMIENTO Y/O MEJORAMIENTO DE LOS PARQUES CATALOGADOS DE PROXIMIDAD EN LA LOCALIDAD DE RAFAEL URIBE URIBE EN BOGOTÁ D.C”.
B4: CÁLCULO DEL FACTOR MULTIPLICADOR PERSONAL
B6: ITEM | C6: DESCRIPCIÓN | D6: % | E6: % ACUMULADO
B7: 1 | C7: PRESTACIONES SOCIALES | E7: =SUM(D7:D13) -> 1.2183333
C8: Salarios | D8: 1
C9: Cesantías | D9: =1/12 -> 0.083333333
C10: Intereses de Cesantías | D10: 0.01
C11: Prima de servicio | D11: =1/12 -> 0.083333333
C12: Vacaciones | D12: =0.5/12 -> 0.041666667
B14: 2 | C14: SEGURIDAD SOCIAL | E14: =SUM(D14:D18) -> 0.2746
C15: Pensión | D15: 0.12
C16: Salud | D16: 0.085
C17: A.R.P. | D17: 0.0696
B19: 3 | C19: PARAFISCALES | E19: =SUM(D20:D22) -> 0.09
C20: Caja de Compensación | D20: 0.04
C21: I.C.B.F. | D21: 0.03
C22: Sena | D22: 0.02
B24: 4 | C24: COSTOS INDIRECTOS | E24: =SUM(D25:D25) -> 0
C25: Operación oficina
B27: TOTAL | E27: =SUM(E7:E24) -> 1.5829333
B29: FACTOR MULTIPLICADOR | E29: =ROUND((E27),2) -> 1.58

Sheet PRESUPUESTO OFICIAL
B2: FORMATO | D2: VIGENCIA | E2: PROCESO
D3: 2023 | E3: Proyectos
B4: FONDO DE DESARROLLO LOCAL DE SANTA FE
B7: PRESUPUESTO OFICIAL
B9: OBJETO DEL CONTRATO | D9: CONTRATAR POR EL SISTEMA DE PRECIOS UNITARIOS FIJOS A MONTO AGOTABLE, EL DIAGNOSTICO Y LAS OBRAS DE MANTENIMIENTO, REQUERIDAS EN LOS SALONES COMUNALES DE LA LOCALIDAD DE SANTA FE
B14: No. | C14: NOMBRE SALON | D14: DIRECCIÓN | F14: TIPO DE INTERVENCIÓN | G14: COSTO DIRECTO
B15: 1 | C15: JAC El Verjon Bajo | D15: Colegio Verjon Bajo km 11 Vía la Calera | F15: ADECUACIÓN Y/O MANTENIMIENTO | G15: 61125625
B16: 2 | C16: JAC Rocío | D16: Carrera 5 Este# 3 B 20 | F16: ADECUACIÓN Y/O MANTENIMIENTO | G16: =G15 -> 61125625
B17: 3 | C17: JAC El Dorado | D17: Transversal 8 Este # 1 A - 08 | F17: ADECUACIÓN Y/O MANTENIMIENTO | G17: =G16 -> 61125625
B18: 4 | C18: JAC Turbay Ayala | D18: Calle 9 B # 5 - 35 | F18: ADECUACIÓN Y/O MANTENIMIENTO | G18: =G17 -> 61125625
B19: 5 | C19: JAC El Mirador | D19: Carrera 2 # 1 A – 69 Este | F19: ADECUACIÓN Y/O MANTENIMIENTO | G19: =G18 -> 61125625
B20: 6 | C20: JAC Lourdes | D20: Calle 3 Con carrera 1 Este | F20: ADECUACIÓN Y/O MANTENIMIENTO | G20: =G19 -> 61125625
B22: SUBTOTAL COSTOS DIRECTOS OBRA | G22: =SUM(G15:G20) -> 366753750
B24: AIU | F24: =AIU!H10 -> 0.31101464 | G24: =F24*G22 -> 114065786
B26: COSTOS OBRA INCLUIDO AIU | G26: =G22+G24 -> 480819536
B28: COMPONENTE AMBIENTAL Y SST | F28: =G28/G22 -> 0.055249516 | G28: ='AMBIENTAL -SST'!M106 -> 20262967
B30: COMPONENTE SOCIAL | F30: =G30/G22 -> 0.025719974 | G30: =SOCIAL!M54 -> 9432897
B32: TOTAL COSTOS PROCESO LP | G32: =G26+G28+G30 -> 510515400
B33: SMMLV | G33: =G32/1160000 -> 440.09948

Sheet AIU
B2: ANALISIS DEL VALOR DEL AIU FONDO DE DESARROLLO LOCAL DE SANTA FE
B5: OBJETO | E5: CONTRATAR POR EL SISTEMA DE PRECIOS UNITARIOS FIJOS A MONTO AGOTABLE, EL DIAGNOSTICO Y LAS OBRAS DE MANTENIMIENTO, REQUERIDAS EN LOS SALONES COMUNALES DE LA LOCALIDAD DE SANTA FE
C9: COSTO DIRECTO ESTIMADO DE OBRA (CD) | H9: ='PRESUPUESTO OFICIAL'!G22 -> 366753750
C10: AIU | H10: =K69 -> 0.31101464
H11: =H9*H10 -> 114065786
C12: TERMINO ESTIMADO DE EJECUCIÓN DE OBRA | H12: 5
C14: COSTOS ESTIMADOS PARA COMPENSACIONES A SDA | H14: 0
C15: COSTOS ESTIMADOS PARA ENSAYOS DE LABORATORIO | H15: 0
C16: AJUSTES POR CAMBIO DE VIGENCIA | H16: 0
C17: COSTO ACTIVIDADES AMBIENTALES y SST | H17: ='PRESUPUESTO OFICIAL'!G28 -> 20262967
C18: COSTO GESTION SOCIAL | H18: ='PRESUPUESTO OFICIAL'!G30 -> 9432897
C20: COSTO TOTAL PRESUPUESTO MONTO AGOTABLE | H20: ='PRESUPUESTO OFICIAL'!G32 -> 510515400
B24: ITEM | C24: A. ADMINISTRACIÓN
C25: 1. COSTOS MENSUALES DE PERSONAL
C26: CARGO | D26: CODIGO IDU | E26: CANTIDAD | F26: CATEGORÍA | G26: Dedicación /Mes | H26: TOPE SALARIO MES | I26: FACTOR PRESTACIONAL | J26: No. MESES | K26: SALARIO + PRESTACIONES
E27: A | G27: B | H27: C | I27: D | J27: E | K27: F=A*B*C*D*E
B28: 1.1 | C28: PERSONAL PROFESIONAL (Ingenieros y otros)
B29: 1.101 | C29: DIRECTOR DE OBRA | D29: 9112 | E29: 1 | F29: 6 | G29: 0.3 | H29: =VLOOKUP(D29,PRECIOS!$B$3:$D$3651,3,FALSE) -> 6339000 | I29: =F.P.!$E$29 -> 1.58 | J29: =$H$12 -> 5 | K29: =ROUND(E29*G29*H29*I29*J29,0) -> 15023430
B30: 1.102 | C30: INGENIERO RESIDENTE DE OBRA | D30: 9113 | E30: 1 | F30: 7 | G30: 1 | H30: =VLOOKUP(D30,PRECIOS!$B$3:$D$3651,3,FALSE) -> 4793000 | I30: =F.P.!$E$29 -> 1.58 | J30: =$H$12 -> 5 | K30: =ROUND(E30*G30*H30*I30*J30,0) -> 37864700
B31: 1.2 | C31: PERSONAL PROFESIONAL (Ingenieros y otros)
B32: 1.201 | C32: INGENIERO RESIDENTE DE OBRA | D32: 9113 | E32: 1 | F32: 7 | G32: 0.4 | H32: 1988000 | I32: =F.P.!$E$29 -> 1.58 | J32: =$H$12 -> 5 | K32: =ROUND(E32*G32*H32*I32*J32,0) -> 6282080
K34: =SUM(K29:K33) -> 59170210
B36: 2 | C36: GASTOS OPERACIONALES MENSUALES | D36: CODIGO IDU | E36: CANTIDAD | F36: AREA (M2) | G36: Dedicación /Mes | H36: DEDICACIÓN X AREA (M2) | I36: COSTO ($/M2.MES) | J36: No. MESES | K36: VALOR ($)
B37: 2.01 | C37: TARIFA GLOBAL - GASTOS OFICINA (PAPELERIA, FOTOCOPIAS Y OTROS) | D37: 9578 | E37: 1 | F37: N/A | G37: 0.25 | H37: N/A | I37: 922582 | J37: =H12 -> 5 | K37: =G37*I37*J37 -> 1153227.5
B38: 2.02 | C38: ALQUILER DE VEHICULO: CAMPERO, PICK-UP, CAMIONETA, CAMION O SIMILAR DE 1300cc A 2000cc DE CILINDRADA, MODELO 2022 A 2019. 100% DE LA TARIFA ESTABLECIDA. INCLUYE TODOS LOS COSTOS DE OPERACIÓN Y MANTENIMIENTO | D38: 9165 | E38: 1 | F38: N/A | G38: 0.25 | H38: N/A | I38: =VLOOKUP(D38,PRECIOS!$B$3:$D$3651,3,FALSE) -> 7265000 | J38: =H12 -> 5 | K38: =G38*I38*J38 -> 9081250
C39: SUBTOTAL GASTOS OPERACIONALES MENSUALES | K39: =SUM(K37:K38) -> 10234478
C41: COSTOS MENSUALES DE PERSONAL + GASTOS OPERACIONALES MENSUALES | K41: =K34+K39 -> 69404688
C42: COSTOS MENSUALES DE PERSONAL + GASTOS OPERACIONALES MENSUALES EN PORCENTAJE DEL COSTO DIRECTO | K42: =K41/H9 -> 0.18924057
B44: 3 | C44: IMPUESTOS Y GARANTIAS
B45: 3.1 | C45: IMPUESTOS
B46: ITEM | C46: DESCRIPCIÓN | J46: IMPUESTO | K46: VALOR ($)
B47: 3.101 | C47: Contribución Especial (Impuesto de Guerra Ley 1738 DIC18-2014 prorroga 4 años) | J47: 0.05 | K47: =ROUND((($H$9*ROUND((1+$L$69),4))+$H$14+$H$15+$H$16)*J47,0) -> 18337688
B48: 3.102 | C48: ICA (Ley 14 6jul1983, Res 219 25feb2004) | F48: Mes | G48: =+#REF! -> #REF! | H48: 1 | I48: =G48*H48 -> #REF! | J48: 0.00712 | K48: =ROUND((($H$9*ROUND((1+$L$69),4))+$H$14+$H$15+$H$16)*J48,0) -> 2611287
B49: 3.103 | C49: GMF (Ley 1739 23dic2014 modifica el Estatuto Tributario) | J49: 0.004 | K49: =ROUND((($H$9*ROUND((1+$L$69),4))+$H$14+$H$15+$H$16)*J49,0) -> 1467015
B50: 3.104 | C50: Estampilla Unipedagógica (Dec 584 de 19 dic 2014) | J50: 0.005 | K50: =ROUND((($H$9*ROUND((1+$L$69),4))+$H$14+$H$15+$H$16)*J50,0) -> 1833769
C51: SUBTOTAL IMPUESTOS | K51: =SUM(K47:K50) -> 24249759
B53: 3.2 | C53: GARANTÍAS
B54: ITEM | C54: DESCRIPCIÓN | F54: VALOR BASE | H54: % ASEGURADO | I54: VIGENCIA AMPARO (MESES) | J54: TASA ASEGURADORA | K54: VALOR ($)
B55: 3.201 | C55: CUMPLIMIENTO | E55: GARANTÍA UNICA | F55: =H9 -> 366753750 | H55: 0.2 | I55: =H12+6 -> 11 | J55: 0.002 | K55: =ROUND((((((F55*H55)*J55)/12)*I55)+2500)*1.19,0) -> 163002
B56: 3.202 | C56: SALARIOS Y PRESTACIONES SOCIALES | F56: =H9 -> 366753750 | H56: 0.05 | I56: =H12+36 -> 41 | J56: 0.002 | K56: =ROUND((((((F56*H56)*J56)/12)*I56)+2500)*1.19,0) -> 152091
B57: 3.203 | C57: ESTABILIDAD DE LA OBRA | F57: =H9 -> 366753750 | H57: 0.3 | I57: 64.5 | J57: 0.002 | K57: =ROUND((((((F57*H57)*J57)/12)*I57)+2500)*1.19,0) -> 1410484
B58: 3.204 | C58: Predios, labores y Operaciones- Vigencia (Decreto 1082 de 2015 Sección III) | E58: RESPONSABILIDAD CIVIL EXTRACONTRACTUAL | F58: =200*1160000 -> 232000000 | H58: 1 | I58: =H12 -> 5 | J58: 0.003 | K58: =ROUND((((((F58*H58)*J58)/12)*I58)+2500)*1.19,0) -> 348075
C60: SUBTOTAL GARANTÍAS | K60: =SUM(K55:K58) -> 2073652
C62: TOTAL IMPUESTOS Y GARANTÍAS | K62: =+K51+K60 -> 26323411
C63: TOTAL IMPUESTOS Y GARANTÍAS EN PORCENTAJE DEL COSTO DIRECTO | K63: =K62/H9 -> 0.071774075
B65: A | E65: ADMINISTRACIÓN | K65: =+K42+K63 -> 0.26101464
B66: I | E66: IMPREVISTOS | K66: 0.01
B67: U | E67: UTILIDAD | K67: 0.04
C69: A.I.U (ADMINISTRACIÓN, IMPREVISTOS Y UTILIDAD) | K69: =SUM(K65:K67) -> 0.31101464

Sheet AMBIENTAL -SST
B2: SISTEMA DE GESTIÓN AMBIENTAL, SEGURIDAD Y SALUD EN EL TRABAJO FONDO DE DESARROLLO LOCAL DE SANTA FE
B5: OBJETO | H5: CONTRATAR POR EL SISTEMA DE PRECIOS UNITARIOS FIJOS A MONTO AGOTABLE, EL DIAGNOSTICO Y LAS OBRAS DE MANTENIMIENTO, REQUERIDAS EN LOS SALONES COMUNALES DE LA LOCALIDAD DE SANTA FE
C9: COSTO DIRECTO ESTIMADO DE OBRA (CD) | K9: ='PRESUPUESTO OFICIAL'!G22 -> 366753750
C10: AIU | K10: =AIU!K69 -> 0.31101464
K11: =K9*K10 -> 114065786
C12: TERMINO ESTIMADO DE EJECUCIÓN DE OBRA | K12: 5
C14: COSTOS ESTIMADOS PARA COMPENSACIONES A SDA | K14: 0
C15: COSTOS ESTIMADOS PARA ENSAYOS DE LABORATORIO | K15: 0
C16: AJUSTES POR CAMBIO DE VIGENCIA | K16: 0
C17: COSTO ACTIVIDADES AMBIENTALES y SST | K17: ='PRESUPUESTO OFICIAL'!G28 -> 20262967
C18: COSTO GESTION SOCIAL | K18: ='PRESUPUESTO OFICIAL'!G30 -> 9432897
C20: COSTO TOTAL PRESUPUESTO MONTO AGOTABLE | K20: ='PRESUPUESTO OFICIAL'!G32 -> 510515400
B24: COMPONTE A. PERSONAL
B25: EJECUCIÓN DE OBRAS
B26: ÍTEMS | F26: CODIGO | G26: UN. | H26: CAT | I26: CANT | J26: DEDIC H/MES | K26: DURACION | L26: TARIFA | M26: F.P | N26: TOTAL ACTIVIDAD
B27: 1 | C27: PROFESIONAL AMBIENTAL | F27: 9114 | G27: MES | H27: 8 | I27: 1 | J27: 0.2 | K27: =K12 -> 5 | L27: =VLOOKUP(F27,PRECIOS!$B$3:$D$3651,3,FALSE) -> 4523000 | M27: =F.P.!E29 -> 1.58 | N27: =ROUND(K27*L27*M27*J27,0) -> 7146340
B28: 2 | C28: PROFESIONAL SST | F28: 9114 | G28: MES | H28: 8 | I28: 1 | J28: 0.2 | K28: =K12 -> 5 | L28: =VLOOKUP(F28,PRECIOS!$B$3:$D$3651,3,FALSE) -> 4523000 | M28: =F.P.!E29 -> 1.58 | N28: =ROUND(K28*L28*M28*J28,0) -> 7146340
B29: SUBTOTAL COMPONENTE A | M29: =SUM(N27:N28) -> 14292680
B31: COMPONTE C. MANEJO DE LA VEGETACION Y DEL PAISAJE
B32: ÍTEMS | E32: ESPECIFICACIÓN | H32: UN | I32: CANTIDAD | J32: CODIGO | K32: VALOR UNITARIO | M32: VALOR TOTAL
B33: C1 | C33: MANEJO DE LA VEGETACION EXISTENTE Y DE ACTIVIDADES DE DISEÑO PAISAJISTICO
B34: 1.1 | C34: PROTECCION DE ARBOLES | E34: =VLOOKUP(J34,PRECIOS!$B$3:$D$3651,2,FALSE) -> TELA VERDE DE CERRAMIENTO (2.10mx250) | H34: M2 | I34: 10 | J34: 7559 | K34: =VLOOKUP(J34,PRECIOS!$B$3:$D$3651,3,FALSE) -> 793 | M34: =ROUND(I34*K34,0) -> 7930
B35: 1.2 | C35: SOPORTE MALLA | E35: =VLOOKUP(J35,PRECIOS!$B$3:$D$3651,2,FALSE) -> VARA DE CORREDOR 6.0 M | H35: UN | I35: 5 | J35: 7285 | K35: =VLOOKUP(J35,PRECIOS!$B$3:$D$3651,3,FALSE) -> 12390 | M35: =ROUND(I35*K35,0) -> 61950
G36: SUBTOTAL DEL COMPONENTE C | M36: =SUM(M34:N35) -> 69880
B38: COMPONTE D. ACTIVIDADES CONSTRUCTIVAS
B39: ÍTEMS | E39: ESPECIFICACIÓN | H39: UN | I39: CANTIDAD | J39: CODIGO | K39: VALOR UNITARIO | M39: VALOR TOTAL
B40: D 1 | C40: MANEJO DE CAMPAMENTOS Y CENTROS DE ACOPIO
B41: 1.1 | C41: CANECAS PARA CAMPAMENTOS Y FRENTES DE OBRA | E41: =VLOOKUP(J41,PRECIOS!$B$3:$D$3651,2,FALSE) -> CANECA PLÁSTICA NEGRA DE 55 GALONES CON TAPA PLANA. | H41: UN | I41: 1 | J41: 9290 | K41: =VLOOKUP(J41,PRECIOS!$B$3:$D$3651,3,FALSE) -> 122000 | M41: =ROUND(I41*K41,0) -> 122000
G42: SUBTOTAL DEL PROGRAMA | M42: =SUM(M41:M41) -> 122000
B44: D 2 | C44: MANEJO DE MATERIALES DE CONSTRUCCIÓN
B45: 2.1 | C45: PUNTO DE ACOPIO DE MATERIALES | E45: =VLOOKUP(J45,PRECIOS!$B$3:$D$3651,2,FALSE) -> PLASTICO NEGRO CALIBRE 6 | H45: M2 | I45: 10 | J45: 7556 | K45: =VLOOKUP(J45,PRECIOS!$B$3:$D$3651,3,FALSE) -> 1312 | M45: =ROUND(I45*K45,0) -> 13120
E46: =VLOOKUP(J46,PRECIOS!$B$3:$D$3651,2,FALSE) -> SEÑALIZACION TUBULAR COLOMBINA PLASTICA | H46: UN | I46: 1 | J46: 7554 | K46: =VLOOKUP(J46,PRECIOS!$B$3:$D$3651,3,FALSE) -> 43962 | M46: =ROUND(I46*K46,0) -> 43962
E47: =VLOOKUP(J47,PRECIOS!$B$3:$D$3651,2,FALSE) -> CINTA PARA SEÑALIZACION DE 500MT X 4" PELIGRO CALIBRE 3.5 | H47: ROLLO | I47: 2 | J47: 7850 | K47: =VLOOKUP(J47,PRECIOS!$B$3:$D$3651,3,FALSE) -> 24285 | M47: =ROUND(I47*K47,0) -> 48570
G48: SUBTOTAL DEL PROGRAMA | M48: =SUM(M45:N47) -> 105652
B50: D 3 | C50: MANEJO INTEGRAL DE RESIDUOS SÓLIDOS
B51: 3.1 | C51: ACOPIO TEMPORAL DE RCD EN FRENTES DE OBRA | E51: =VLOOKUP(J51,PRECIOS!$B$3:$D$3651,2,FALSE) -> PLASTICO NEGRO CALIBRE 6 | H51: M2 | I51: 10 | J51: 7556 | K51: =VLOOKUP(J51,PRECIOS!$B$3:$D$3651,3,FALSE) -> 1312 | M51: =ROUND(I51*K51,0) -> 13120
B52: 3.2 | C52: PUNTO DE ACOPIO DE MATERIALES | E52: =VLOOKUP(J52,PRECIOS!$B$3:$D$3651,2,FALSE) -> CARRETILLA RUEDA NEUMATICA PLATON METALICO CAPACIDAD CINCO PIES CUBICOS MANGO MADERA TIPO BUGGY | H52: UN | I52: 1 | J52: 7812 | K52: =VLOOKUP(J52,PRECIOS!$B$3:$D$3651,3,FALSE) -> 201100 | M52: =ROUND(I52*K52,0) -> 201100
E53: =VLOOKUP(J53,PRECIOS!$B$3:$D$3651,2,FALSE) -> PALA REDONDA No. 2 CON CABO | H53: UN | I53: 1 | J53: 9287 | K53: =VLOOKUP(J53,PRECIOS!$B$3:$D$3651,3,FALSE) -> 19517 | M53: =ROUND(I53*K53,0) -> 19517
E54: =VLOOKUP(J54,PRECIOS!$B$3:$D$3651,2,FALSE) -> CEPILLO INDUSTRIAL DE NYLON CON CABO DE 35CM A 42CM X 9CM X 17CM | H54: UN | I54: 1 | J54: 7811 | K54: =VLOOKUP(J54,PRECIOS!$B$3:$D$3651,3,FALSE) -> 13978 | M54: =ROUND(I54*K54,0) -> 13978
E55: =VLOOKUP(J55,PRECIOS!$B$3:$D$3651,2,FALSE) -> BARRA DE 18LB CON PUNTA Y PALA 150CM X 10CM | H55: UN | I55: 1 | J55: 7813 | K55: =VLOOKUP(J55,PRECIOS!$B$3:$D$3651,3,FALSE) -> 64260 | M55: =ROUND(I55*K55,0) -> 64260
E56: =VLOOKUP(J56,PRECIOS!$B$3:$D$3651,2,FALSE) -> SERRUCHO DE 20" DIENTE ENDURECIDO | H56: UN | I56: 1 | J56: 7814 | K56: =VLOOKUP(J56,PRECIOS!$B$3:$D$3651,3,FALSE) -> 37900 | M56: =ROUND(I56*K56,0) -> 37900
E57: MARTILLO DE BOLA DE 2LB | H57: UN | I57: 1 | J57: 7815 | K57: 41900 | M57: =ROUND(I57*K57,0) -> 41900
E58: =VLOOKUP(J58,PRECIOS!$B$3:$D$3651,2,FALSE) -> BOLSA PARA BASURA TIPO INDUSTRIAL NEGRA DE 60 x 90 Cm CALIBRE 2 (PAQUETE DE 30 UNIDADES) | H58: UN | I58: 1 | J58: 9280 | K58: =VLOOKUP(J58,PRECIOS!$B$3:$D$3651,3,FALSE) -> 10042 | M58: =ROUND(I58*K58,0) -> 10042
G59: SUBTOTAL DEL PROGRAMA | M59: =SUM(M51:N58) -> 401817
B61: D 4 | C61: CONTROL DE EMISIONES ATMOSFERICAS
B62: 4.1 | C62: DEMARCACIÓN DEL ÁREA DE TRABAJO | E62: =VLOOKUP(J62,PRECIOS!$B$3:$D$3651,2,FALSE) -> SEÑALIZACION TUBULAR COLOMBINA PLASTICA | H62: UN | I62: 1 | J62: 7554 | K62: =VLOOKUP(J62,PRECIOS!$B$3:$D$3651,3,FALSE) -> 43962 | M62: =ROUND(I62*K62,0) -> 43962
E63: =VLOOKUP(J63,PRECIOS!$B$3:$D$3651,2,FALSE) -> POLISOMBRA 65% (1x7m) R-800 NEGRA | H63: M2 | I63: 50 | J63: 7560 | K63: =VLOOKUP(J63,PRECIOS!$B$3:$D$3651,3,FALSE) -> 1687 | M63: =ROUND(I63*K63,0) -> 84350
G64: SUBTOTAL DEL PROGRAMA | M64: =SUM(M62:N63) -> 128312
B66: D 1 | C66: MANEJO INTEGRAL DE CUERPOS DE AGUA
B67: 5.1 | C67: BAÑO | E67: BAÑO TIPO LUXURY - ALQUILER, MANTENIMIENTO Y ASEO DE BAÑOS PORTÁTILES VIP, MENSUAL | H67: UN/MES | I67: 0 | J67: 7573 | K67: 950000 | M67: =K67*I67*K12 -> 0
G68: SUBTOTAL DEL PROGRAMA | M68: =SUM(M67:M67) -> 0
B70: SUBTOTAL DEL COMPONENTE D | M70: =M68+M64+M48+M59+M42 -> 757781
B72: COMPONENTE E. GESTIÓN EN SEGURIDAD Y SALUD EN EL TRABAJO
B73: ÍTEMS | H73: CANTIDAD | I73: UN. | J73: CODIGO | K73: VALOR UNITARIO | M73: VALOR TOTAL
B74: E1 | C74: SEGURIDAD Y SALUD EN EL TRABAJO
B75: 1.01 | C75: =VLOOKUP(J75,PRECIOS!$B$3:$D$3651,2,FALSE) -> BOTIQUIN PRIMEROS AUXILIOS CON MEDICAMENTOS DE 22CM X 27CM | H75: 1 | I75: UN | J75: 7569 | K75: =VLOOKUP(J75,PRECIOS!$B$3:$D$3651,3,FALSE) -> 51308 | M75: =K75*H75 -> 51308
B76: =B75+0.01 -> 1.02 | C76: =VLOOKUP(J76,PRECIOS!$B$3:$D$3651,2,FALSE) -> CAMILLA MADERA PRIMEROS AUXILIOS INMOVILIZADOR CABEZA | H76: 1 | I76: UN | J76: 7818 | K76: =VLOOKUP(J76,PRECIOS!$B$3:$D$3651,3,FALSE) -> 205195 | M76: =K76*H76 -> 205195
B77: =B76+0.01 -> 1.03 | C77: =VLOOKUP(J77,PRECIOS!$B$3:$D$3651,2,FALSE) -> EXTINTOR POLVO QUIMICO SECO DE 20LB TIPO ABC METALICO CON GANCHO Y AVISO | H77: 1 | I77: UN | J77: 7819 | K77: =VLOOKUP(J77,PRECIOS!$B$3:$D$3651,3,FALSE) -> 56287 | M77: =K77*H77 -> 56287
B78: =B77+0.01 -> 1.04 | C78: =VLOOKUP(J78,PRECIOS!$B$3:$D$3651,2,FALSE) -> BOTA CUERO LISA NEGRA SEGURIDAD PUNTERA DE ACERO | H78: 5 | I78: PAR | J78: 7822 | K78: =VLOOKUP(J78,PRECIOS!$B$3:$D$3651,3,FALSE) -> 45101 | M78: =K78*H78 -> 225505
B79: =B78+0.01 -> 1.05 | C79: =VLOOKUP(J79,PRECIOS!$B$3:$D$3651,2,FALSE) -> BOTA DE CAUCHO, CINTA AMARILLA, PUNTERA Y PLANTILLA EN ACERO | H79: 5 | I79: PAR | J79: 7823 | K79: =VLOOKUP(J79,PRECIOS!$B$3:$D$3651,3,FALSE) -> 105910 | M79: =K79*H79 -> 529550
B80: 2.01 | C80: =VLOOKUP(J80,PRECIOS!$B$3:$D$3651,2,FALSE) -> PROTECTOR AUDITIVO TIPO TAPON INSERCION EN SILICONA CON CORDEL EN ESTUCHE | H80: 9 | I80: PAR | J80: 7827 | K80: =VLOOKUP(J80,PRECIOS!$B$3:$D$3651,3,FALSE) -> 2023 | M80: =K80*H80 -> 18207
B81: =B80+0.01 -> 2.02 | C81: =VLOOKUP(J81,PRECIOS!$B$3:$D$3651,2,FALSE) -> ARNES MULTIPROPOSITO CON ESLINGA - 4 ANILLOS - PARA RESTRICCION Y DETENCION DE CAIDAS CON PUNTO FIJO | H81: 2 | I81: UN | J81: 7836 | K81: =VLOOKUP(J81,PRECIOS!$B$3:$D$3651,3,FALSE) -> 140000 | M81: =K81*H81 -> 280000
B82: =B81+0.01 -> 2.03 | C82: =VLOOKUP(J82,PRECIOS!$B$3:$D$3651,2,FALSE) -> OVEROL EN DRILL DOS PIEZAS, CAMISA Y PANTALÓN | H82: 10 | I82: UN | J82: 9286 | K82: =VLOOKUP(J82,PRECIOS!$B$3:$D$3651,3,FALSE) -> 44500 | M82: =K82*H82 -> 445000
B83: =B82+0.01 -> 2.04 | C83: =VLOOKUP(J83,PRECIOS!$B$3:$D$3651,2,FALSE) -> GUANTE CARNAZA REFORZADO EN CARNAZA LARGO | H83: 5 | I83: PAR | J83: 7846 | K83: =VLOOKUP(J83,PRECIOS!$B$3:$D$3651,3,FALSE) -> 7735 | M83: =K83*H83 -> 38675
B84: =B83+0.01 -> 2.05 | C84: =VLOOKUP(J84,PRECIOS!$B$3:$D$3651,2,FALSE) -> GUANTES DE VAQUETA | H84: 5 | I84: UN | J84: 7578 | K84: =VLOOKUP(J84,PRECIOS!$B$3:$D$3651,3,FALSE) -> 5831 | M84: =K84*H84 -> 29155
B85: =B84+0.01 -> 2.06 | C85: =VLOOKUP(J85,PRECIOS!$B$3:$D$3651,2,FALSE) -> GUANTE CAUCHO NEGRO CORRUGADO CALIBRE 35 | H85: 5 | I85: PAR | J85: 9283 | K85: =VLOOKUP(J85,PRECIOS!$B$3:$D$3651,3,FALSE) -> 4641 | M85: =K85*H85 -> 23205
B86: =B85+0.01 -> 2.07 | C86: =VLOOKUP(J86,PRECIOS!$B$3:$D$3651,2,FALSE) -> GUANTE NITRILO 13" RESISTENTE CONTRA QUIMICOS COMBUSTIBLES SOLVENTES GRASAS | H86: 5 | I86: PAR | J86: 7844 | K86: =VLOOKUP(J86,PRECIOS!$B$3:$D$3651,3,FALSE) -> 7021 | M86: =K86*H86 -> 35105
C87: EXÁMENES OCUPACIONALES
B88: =B86+0.01 -> 2.08 | C88: =VLOOKUP(J88,PRECIOS!$B$3:$D$3651,2,FALSE) -> EXÁMEN MÉDICO OCUPACIONAL DE INGRESO O RETIRO | H88: 12 | I88: UN | J88: 7904 | K88: =VLOOKUP(J88,PRECIOS!$B$3:$D$3651,3,FALSE) -> 28000 | M88: =K88*H88 -> 336000
B89: =B88+0.01 -> 2.09 | C89: =VLOOKUP(J89,PRECIOS!$B$3:$D$3651,2,FALSE) -> EXAMEN DE AUDIOMETRÍA DE INGRESO O EGRESO | H89: 12 | I89: UN | J89: 7906 | K89: =VLOOKUP(J89,PRECIOS!$B$3:$D$3651,3,FALSE) -> 15500 | M89: =K89*H89 -> 186000
B90: =B89+0.01 -> 2.1 | C90: =VLOOKUP(J90,PRECIOS!$B$3:$D$3651,2,FALSE) -> EXAMEN DE OPTOMETRÍA DE INGRESO O EGRESO | H90: 12 | I90: UN | J90: 7908 | K90: =VLOOKUP(J90,PRECIOS!$B$3:$D$3651,3,FALSE) -> 20000 | M90: =K90*H90 -> 240000
G91: SUBTOTAL COMPONENTE E | M91: =SUM(M75:N90) -> 2699192
B93: Nota: Los costos de elementos de protección y de exámenes médicos ocupacionales para los cargos relacionados con las actividades de estructuras metálicas (Montadores, Soldadores y Pintores) están incluidos en el costo de kilogramo de acero de estructura,
B95: COMPONENTE F. PLAN DE SEÑALIZACIÓN
B96: ÍTEMS | E96: ESPECIFICACIÓN | H96: UNIDAD | I96: CANTIDAD | J96: CODIGO | K96: VALOR UNITARIO | M96: VALOR TOTAL
B97: F1 | C97: MANEJO SEÑALIZACIÓN FRENTE DE OBRA
B98: 1.1 | C98: SEÑALIZACIÓN INTERNA DE EXCAVACIONES, POZOS, VACÍOS | E98: =VLOOKUP(J98,PRECIOS!$B$3:$D$3651,2,FALSE) -> SEÑALIZACION TUBULAR COLOMBINA PLASTICA | H98: UN | I98: 1 | J98: 7554 | K98: =VLOOKUP(J98,PRECIOS!$B$3:$D$3651,3,FALSE) -> 43962 | M98: =ROUND(I98*K98,0) -> 43962
E99: =VLOOKUP(J99,PRECIOS!$B$3:$D$3651,2,FALSE) -> CINTA PARA SEÑALIZACION DE 500MT X 4" PELIGRO CALIBRE 3.5 | H99: UN | I99: 1 | J99: 7850 | K99: =VLOOKUP(J99,PRECIOS!$B$3:$D$3651,3,FALSE) -> 24285 | M99: =ROUND(I99*K99,0) -> 24285
B100: 1.2 | C100: SEÑALES DE CAMPAMENTO Y FRENTES DE OBRA | E100: =VLOOKUP(J100,PRECIOS!$B$3:$D$3651,2,FALSE) -> SEÑAL EN POLIESTIRENO (30cm x 20cm) FOTOLUMINISCENTE - NORMA NTC - ISO | H100: UN | I100: 1 | J100: 9985 | K100: =VLOOKUP(J100,PRECIOS!$B$3:$D$3651,3,FALSE) -> 68425 | M100: =ROUND(I100*K100,0) -> 68425
E101: =VLOOKUP(J101,PRECIOS!$B$3:$D$3651,2,FALSE) -> SEÑAL EN POLIESTRIENO (30cm x 45cm) REFLECTIVO GRADO INGENIERÍA - NORMA ISO | H101: UN | I101: 1 | J101: 9986 | K101: =VLOOKUP(J101,PRECIOS!$B$3:$D$3651,3,FALSE) -> 78838 | M101: =ROUND(I101*K101,0) -> 78838
B102: SUBTOTAL COMPONENTE F | M102: =SUM(M98:N101) -> 215510
B104: SUBTOTAL COMPONENTES A+C+D+E+F | M104: =M102+M91+M70+M36+M29 -> 18035043
B105: A.I.U. | L105: ='AIU AMBIENTAL -SST'!L36 -> 0.12353307 | M105: =ROUND(L105*M104,0) -> 2227924
B106: VALOR GLOBAL AMBIENTAL CON AIU : TOTAL COMPONENTES A+C+D+E+F | M106: =M105+M104 -> 20262967

Sheet AIU AMBIENTAL -SST
B2: MATRIZ PARA CÁLCULO DE AIU- AMBIENTAL FONDO DE DESARROLLO LOCAL DE SANTA FE
B5: OBJETO | G5: CONTRATAR POR EL SISTEMA DE PRECIOS UNITARIOS FIJOS A MONTO AGOTABLE, EL DIAGNOSTICO Y LAS OBRAS DE MANTENIMIENTO, REQUERIDAS EN LOS SALONES COMUNALES DE LA LOCALIDAD DE SANTA FE
B9: SUBTOTAL COMPONENTES A+C+D+E+F | E9: ='AMBIENTAL -SST'!M104 -> 18035043 | I9: FECHA:
B10: TERMINO ESTIMADO DE EJECUCIÓN DE OBRA | E10: 5 | F10: MESES | I10: CONTRATO No.
B12: 3. IMPUESTOS Y GARANTÍAS
B13: 3.1 | C13: IMPUESTOS
B14: ÍTEM | C14: DESCRIPCIÓN | J14: IMPUESTO | L14: VALOR ($)
B15: =B13+0.001 -> 3.101 | C15: Contribución Especial (Impuesto de Guerra Ley 1738 DIC18-2014 prorroga 4 años) | J15: 0.05 | L15: =ROUND($E$9*J15,0) -> 901752
B16: =B15+0.001 -> 3.102 | C16: ICA (Ley 14 6jul1983, Res 219 25feb2004) | J16: 0.00712 | L16: =ROUND($E$9*J16,0) -> 128410
B17: =B16+0.001 -> 3.103 | C17: GMF (Ley 1739 23dic2014 modifica el Estatuto Tributario) | J17: 0.004 | L17: =ROUND($E$9*J17,0) -> 72140
B18: =B17+0.001 -> 3.104 | C18: Estampilla Unipedagógica (Dec 584 de 19 dic 2014) | J18: 0.005 | L18: =ROUND($E$9*J18,0) -> 90175
C19: SUBTOTAL IMPUESTOS | L19: =SUM(L15:L18) -> 1192477
B21: =B13+0.1 -> 3.2 | C21: GARANTIAS
B22: ÍTEM | C22: DESCRIPCIÓN | E22: VR. BASE | G22: % ASEGURADO | I22: VIGENCIA AMPARO (MESES) | J22: TASA ASEGURADORA | L22: VALOR ($)
B23: =B21+0.001 -> 3.201 | C23: Cumplimiento | D23: GARANTIA UNICA | E23: =$E$9 -> 18035043 | G23: 0.3 | I23: 10.5 | J23: 0.002 | L23: =ROUND((((((E23*G23)*J23)/12)*I23)+2500)*1.19,0) -> 14242
B24: =B23+0.001 -> 3.202 | C24: Salarios y Prestaciones Sociales | E24: =$E$9 -> 18035043 | G24: 0.1 | I24: 40.5 | J24: 0.002 | L24: =ROUND((((((E24*G24)*J24)/12)*I24)+2500)*1.19,0) -> 17462
B25: =B24+0.001 -> 3.203 | C25: Estabilidad de la Obra | E25: =$E$9 -> 18035043 | G25: 0.3 | I25: 64.5 | J25: 0.002 | L25: =ROUND((((((E25*G25)*J25)/12)*I25)+2500)*1.19,0) -> 72189
B26: =B25+0.001 -> 3.204 | C26: Predios, labores y Operaciones- Vigencia (Decreto 1082 de 2015 Sección III) | D26: RESPONSABILIDAD CIVIL EXTRACONTRACTUAL | E26: =+E9 -> 18035043 | G26: 1 | I26: 5 | J26: 0.003 | L26: =ROUND((((((E26*G26)*J26)/12)*I26)+2500)*1.19,0) -> 29802
C27: SUBTOTAL GARANTÍAS | L27: =ROUND(SUM(L23:L26),0) -> 133695
B29: TOTAL IMPUESTOS Y GARANTÍAS | L29: =ROUND(L19+L27,0) -> 1326172
B30: TOTAL IMPUESTOS Y GARANTÍAS EN PORCENTAJE DEL COSTO DIRECTO | L30: =+L29/E9 -> 0.073533066
B32: A. ADMINISTRACIÓN (1 + 2 + 3) | L32: =L30 -> 0.073533066
B33: I. IMPREVISTOS | L33: 0.01
B34: U. UTILIDAD | L34: 0.04
B36: A.I.U. (ADMINISTRACIÓN, IMPREVISTOS Y UTILIDAD) | L36: =SUM(L32:L34) -> 0.12353307

Sheet SOCIAL
B2: SISTEMA DE GESTIÓN AMBIENTAL, SEGURIDAD Y SALUD EN EL TRABAJO FONDO DE DESARROLLO LOCAL DE SANTA FE
B5: OBJETO | H5: CONTRATAR POR EL SISTEMA DE PRECIOS UNITARIOS FIJOS A MONTO AGOTABLE, EL DIAGNOSTICO Y LAS OBRAS DE MANTENIMIENTO, REQUERIDAS EN LOS SALONES COMUNALES DE LA LOCALIDAD DE SANTA FE
C9: COSTO DIRECTO ESTIMADO DE OBRA (CD) | K9: ='PRESUPUESTO OFICIAL'!G22 -> 366753750
C10: AIU | K10: =AIU!K69 -> 0.31101464
K11: =K9*K10 -> 114065786
C12: TERMINO ESTIMADO DE EJECUCIÓN DE OBRA | K12: 5
C14: COSTOS ESTIMADOS PARA COMPENSACIONES A SDA | K14: 0
C15: COSTOS ESTIMADOS PARA ENSAYOS DE LABORATORIO | K15: 0
C16: AJUSTES POR CAMBIO DE VIGENCIA | K16: 0
C17: COSTO ACTIVIDADES AMBIENTALES y SST | K17: ='PRESUPUESTO OFICIAL'!G28 -> 20262967
C18: COSTO GESTION SOCIAL | K18: ='PRESUPUESTO OFICIAL'!G30 -> 9432897
C20: COSTO TOTAL PRESUPUESTO MONTO AGOTABLE | K20: ='PRESUPUESTO OFICIAL'!G32 -> 510515400
B24: COMPONTE A. Personal Profesional de Gestión Social
B25: EJECUCIÓN DE OBRAS
B26: ÍTEMS | F26: CODIGO | G26: UN. | H26: CAT | I26: CANT | J26: DEDIC H/MES | K26: DURACION | L26: TARIFA | M26: F.P | N26: TOTAL ACTIVIDAD
B27: 1 | C27: PROFESIONAL SOCIAL | F27: 9114 | G27: MES | H27: 8 | I27: 1 | J27: 0.2 | K27: =K12 -> 5 | L27: =VLOOKUP(F27,PRECIOS!$B$3:$D$3651,3,FALSE) -> 4523000 | M27: =F.P.!E29 -> 1.58 | N27: =ROUND(K27*L27*M27*J27,0) -> 7146340
B28: SUBTOTAL COMPONENTE A | M28: =SUM(N27:N27) -> 7146340
B30: COMPONTE B. PLAN DE GESTION SOCIAL
B31: ÍTEMS | E31: ESPECIFICACIÓN | H31: UN | I31: CANTIDAD | J31: CODIGO | K31: VALOR UNITARIO | M31: VALOR TOTAL
B32: B.1 | C32: Programa de Información
B33: B.1.1 | C33: =VLOOKUP(J33,PRECIOS!$B$3:$D$3651,2,FALSE) -> VÍDEO BEAM - ALQUILER POR DIA | H33: DIA | I33: 2 | J33: 7870 | K33: =VLOOKUP(J33,PRECIOS!$B$3:$D$3651,3,FALSE) -> 107100 | M33: =ROUND(I33*K33,0) -> 214200
B34: SubTotal programa de información | M34: =M33 -> 214200
B36: B.2 | C36: Programa de Divulgación al ciudadano
B37: B.2.1 | C37: =VLOOKUP(J37,PRECIOS!$B$3:$D$3651,2,FALSE) -> AFICHE TAMAÑO MEDIO PLIEGO A 4X0 TINTAS EN PROPALCOTE DE 115 GR. | H37: UN | I37: 3 | J37: 7897 | K37: =VLOOKUP(J37,PRECIOS!$B$3:$D$3651,3,FALSE) -> 1309 | M37: =ROUND(I37*K37,0) -> 3927
B38: B.2.2 | C38: =VLOOKUP(J38,PRECIOS!$B$3:$D$3651,2,FALSE) -> PLEGABLES DE SOSTENIBILIDAD EN TRES CUERPOS TAMAÑO CARTA A 4X4 TINTAS EN PROPALCOTE. | H38: UN | I38: 3 | J38: 7898 | K38: =VLOOKUP(J38,PRECIOS!$B$3:$D$3651,3,FALSE) -> 500 | M38: =ROUND(I38*K38,0) -> 1500
B39: B.2.3 | C39: =VLOOKUP(J39,PRECIOS!$B$3:$D$3651,2,FALSE) -> IMPRESIÓN HOJA CARTA, A 1X0 TINTAS EN PAPEL BOND DE 75 GR. | H39: UN | I39: 50 | J39: 7896 | K39: =VLOOKUP(J39,PRECIOS!$B$3:$D$3651,3,FALSE) -> 95 | M39: =ROUND(I39*K39,0) -> 4750
B40: SubTotal programa de divulgación al ciudadano | M40: =SUM(M37:N39) -> 10177
B42: SUBTOTAL DEL COMPONENTE B | M42: =M40+M34 -> 224377
B44: COMPONTE C. ADECUACION DEL PUNTO DE ATENCION AL CIUDADANO
B45: ÍTEMS | E45: ESPECIFICACIÓN | H45: UN | I45: CANTIDAD | J45: CODIGO | K45: VALOR UNITARIO | M45: VALOR TOTAL
B46: C.1 | C46: MANEJO INTEGRAL DE RESIDUOS SÓLIDOS
B47: C.1.1 | C47: =VLOOKUP(J47,PRECIOS!$B$3:$D$3651,2,FALSE) -> CARTELERA CON MARCO EN ALUMINIO ANODIZADO, PAÑO COLOR GRIS CON CENEFA SUPERIOR, PUERTAS CORREDIZAS. Incl. transporte | H47: UN | I47: 1 | J47: 9048 | K47: =VLOOKUP(J47,PRECIOS!$B$3:$D$3651,3,FALSE) -> 478574 | M47: =ROUND(I47*K47,0) -> 478574
B48: C.1.2 | C48: =VLOOKUP(J48,PRECIOS!$B$3:$D$3651,2,FALSE) -> AVISO PUNTO CREA 1.50m x 0.90m EN LÁMINA GALVANIZADA CAL. 24. INCLUYE SUMINISTRO E INSTALACIÓN | H48: UN | I48: 1 | J48: 7992 | K48: =VLOOKUP(J48,PRECIOS!$B$3:$D$3651,3,FALSE) -> 500000 | M48: =ROUND(I48*K48,0) -> 500000
B49: C.1.3 | C49: =VLOOKUP(J49,PRECIOS!$B$3:$D$3651,2,FALSE) -> SERVICIO TELEFONIA LOCAL ILIMITADA E INTERNET ILIMITADO VELOCIDAD PROMEDIO (80-500 MB) ESTRATO 3 | H49: UN | I49: 1 | J49: 9835 | K49: 41901 | M49: =ROUND(I49*K49,0) -> 41901
B50: SUBTOTAL DEL COMPONENTE C | M50: =SUM(M47:N49) -> 1020475
B52: SUBTOTAL COMPONENTES A+C+D+E+F | M52: =M50+M42+M28 -> 8391192
B53: A.I.U. | L53: ='AIU SOCIAL'!L36 -> 0.12414262 | M53: =ROUND(L53*M52,0) -> 1041705
B54: VALOR GLOBAL AMBIENTAL CON AIU : TOTAL COMPONENTES A+C+D+E+F | M54: =M53+M52 -> 9432897

Sheet AIU SOCIAL
B2: MATRIZ PARA CÁLCULO DE AIU- AMBIENTAL FONDO DE DESARROLLO LOCAL DE SANTA FE
B5: OBJETO | G5: CONTRATAR POR EL SISTEMA DE PRECIOS UNITARIOS FIJOS A MONTO AGOTABLE, EL DIAGNOSTICO Y LAS OBRAS DE MANTENIMIENTO, REQUERIDAS EN LOS SALONES COMUNALES DE LA LOCALIDAD DE SANTA FE
B9: SUBTOTAL COMPONENTES A+B+C | E9: =SOCIAL!M52 -> 8391192 | I9: FECHA:
B10: TERMINO ESTIMADO DE EJECUCIÓN DE OBRA | E10: 5 | F10: MESES | I10: CONTRATO No.
B12: 3. IMPUESTOS Y GARANTÍAS
B13: 3.1 | C13: IMPUESTOS
B14: ÍTEM | C14: DESCRIPCIÓN | J14: IMPUESTO | L14: VALOR ($)
B15: =B13+0.001 -> 3.101 | C15: Contribución Especial (Impuesto de Guerra Ley 1738 DIC18-2014 prorroga 4 años) | J15: 0.05 | L15: =ROUND($E$9*J15,0) -> 419560
B16: =B15+0.001 -> 3.102 | C16: ICA (Ley 14 6jul1983, Res 219 25feb2004) | J16: 0.00712 | L16: =ROUND($E$9*J16,0) -> 59745
B17: =B16+0.001 -> 3.103 | C17: GMF (Ley 1739 23dic2014 modifica el Estatuto Tributario) | J17: 0.004 | L17: =ROUND($E$9*J17,0) -> 33565
B18: =B17+0.001 -> 3.104 | C18: Estampilla Unipedagógica (Dec 584 de 19 dic 2014) | J18: 0.005 | L18: =ROUND($E$9*J18,0) -> 41956
C19: SUBTOTAL IMPUESTOS | L19: =SUM(L15:L18) -> 554826
B21: =B13+0.1 -> 3.2 | C21: GARANTIAS
B22: ÍTEM | C22: DESCRIPCIÓN | E22: VR. BASE | G22: % ASEGURADO | I22: VIGENCIA AMPARO (MESES) | J22: TASA ASEGURADORA | L22: VALOR ($)
B23: =B21+0.001 -> 3.201 | C23: Cumplimiento | D23: GARANTIA UNICA | E23: =$E$9 -> 8391192 | G23: 0.3 | I23: 10.5 | J23: 0.002 | L23: =ROUND((((((E23*G23)*J23)/12)*I23)+2500)*1.19,0) -> 8217
B24: =B23+0.001 -> 3.202 | C24: Salarios y Prestaciones Sociales | E24: =$E$9 -> 8391192 | G24: 0.1 | I24: 40.5 | J24: 0.002 | L24: =ROUND((((((E24*G24)*J24)/12)*I24)+2500)*1.19,0) -> 9715
B25: =B24+0.001 -> 3.203 | C25: Estabilidad de la Obra | E25: =$E$9 -> 8391192 | G25: 0.3 | I25: 64.5 | J25: 0.002 | L25: =ROUND((((((E25*G25)*J25)/12)*I25)+2500)*1.19,0) -> 35178
B26: =B25+0.001 -> 3.204 | C26: Predios, labores y Operaciones- Vigencia (Decreto 1082 de 2015 Sección III) | D26: RESPONSABILIDAD CIVIL EXTRACONTRACTUAL | E26: =+E9 -> 8391192 | G26: 1 | I26: 4.5 | J26: 0.003 | L26: =ROUND((((((E26*G26)*J26)/12)*I26)+2500)*1.19,0) -> 14209
C27: SUBTOTAL GARANTÍAS | L27: =ROUND(SUM(L23:L26),0) -> 67319
B29: TOTAL IMPUESTOS Y GARANTÍAS | L29: =ROUND(L19+L27,0) -> 622145
B30: TOTAL IMPUESTOS Y GARANTÍAS EN PORCENTAJE DEL COSTO DIRECTO | L30: =+L29/E9 -> 0.074142625
B32: A. ADMINISTRACIÓN (1 + 2 + 3) | L32: =L30 -> 0.074142625
B33: I. IMPREVISTOS | L33: 0.01
B34: U. UTILIDAD | L34: 0.04
B36: A.I.U. (ADMINISTRACIÓN, IMPREVISTOS Y UTILIDAD) | L36: =SUM(L32:L34) -> 0.12414262

Sheet F.P.
B2: CONTRATAR POR EL SISTEMA DE PRECIOS UNITARIOS FIJOS A MONTO AGOTABLE, EL DIAGNOSTICO Y LAS OBRAS DE MANTENIMIENTO, REQUERIDAS EN LOS SALONES COMUNALES DE LA LOCALIDAD DE SANTA FE
B4: CÁLCULO DEL FACTOR MULTIPLICADOR PERSONAL
B6: ITEM | C6: DESCRIPCIÓN | D6: % | E6: % ACUMULADO
B7: 1 | C7: PRESTACIONES SOCIALES | E7: =SUM(D7:D13) -> 1.2183333
C8: Salarios | D8: 1
C9: Cesantías | D9: =1/12 -> 0.083333333
C10: Intereses de Cesantías | D10: 0.01
C11: Prima de servicio | D11: =1/12 -> 0.083333333
C12: Vacaciones | D12: =0.5/12 -> 0.041666667
B14: 2 | C14: SEGURIDAD SOCIAL | E14: =SUM(D14:D18) -> 0.2746
C15: Pensión | D15: 0.12
C16: Salud | D16: 0.085
C17: A.R.P. | D17: 0.0696
B19: 3 | C19: PARAFISCALES | E19: =SUM(D20:D22) -> 0.09
C20: Caja de Compensación | D20: 0.04
C21: I.C.B.F. | D21: 0.03
C22: Sena | D22: 0.02
B24: 4 | C24: COSTOS INDIRECTOS | E24: =SUM(D25:D25) -> 0
C25: Operación oficina
B27: TOTAL | E27: =SUM(E7:E24) -> 1.5829333
B29: FACTOR MULTIPLICADOR | E29: =ROUND((E27),2) -> 1.58

Sheet PRECIOS
B3: 322 | C3: CONCRETO GRAVA COMÚN 2000 PSI 14 MPa (140 Kg/m2) | D3: 359380
B4: 323 | C4: CONCRETO GRAVA COMÚN 2500 PSI 17 MPa (175 Kg/cm2) | D4: 371875
B5: 324 | C5: CONCRETO GRAVA COMÚN 3000 PSI 21 MPa (210 Kg/cm2) | D5: 384965
B6: 325 | C6: CONCRETO GRAVA COMÚN 3500 PSI 24 MPa (245 Kg/cm2) | D6: 397460
B7: 326 | C7: CONCRETO GRAVA COMÚN 4000 PSI 27 MPa (280 Kg/cm2) | D7: 408587
B8: 328 | C8: CONCRETO GRAVA COMÚN 5000 PSI 34 MPa (350 Kg/cm2) | D8: 435540
B9: 333 | C9: CONCRETO GRAVA FINA 3000 PSI 21 MPa (210 Kg/cm2) | D9: 387345
B10: 366 | C10: MORTERO 2000 PSI 14 MPa (140 Kg/cm2) | D10: 387970
B11: 1505 | C11: COMPACTADOR DE LLANTAS - MASA SIN LASTRES DE 9 A 11 TONELADAS - INCLUYE OPERARIO Y COMBUSTIBLE | D11: 160757
B12: 1512 | C12: GRAMA | D12: 8500
B13: 1515 | C13: FORMALETA METÁLICA SARDINEL | D13: 321
B14: 1794 | C14: ALAMBRE RECOCIDO No.18 | D14: 4284
... B3651: 13222 | C3651: LEVANTAMIENTO CON TECNOLOGIA GEORADAR(GPR)- Ground Penetrating Radar. Señal electromagnética de alta frecuencia, barrido con antena. Detección de redes. Incluye informe y radargramas | D3651: 5355000
